Workbook
Name \0: #REF!
Name \0: #REF!
Name \00: #REF!
Name \00: #REF!
Name \a: #REF!
Name \a: #REF!
Name \AA: [1]LIQUIDACION!#REF!
Name \AA: #REF!
Name \AA: [1]LIQUIDACION!#REF!
Name \b: [2]STRSUMM0!#REF!
Name \b: #REF!
Name \b: [2]STRSUMM0!#REF!
Name \bb: [2]STRSUMM0!#REF!
Name \bb: #REF!
Name \bb: [2]STRSUMM0!#REF!
Name \E: #REF!
Name \E: #REF!
Name \E: #REF!
Name \E: #REF!
Name \E: #REF!
Name \E: #REF!
Name \E: #REF!
Name \E: #REF!
Name \E: #REF!
Name \E: #REF!
Name \E: #REF!
Name \E: #REF!
Name \E: #REF!
Name \E: #REF!
Name \E: #REF!
Name \E: #REF!
Name \E: #REF!
Name \E: #REF!
Name \E: #REF!
Name \E: #REF!
Name \E: #REF!
Name \E: #REF!
Name \E: #REF!
Name \E: #REF!
Name \E: #REF!
Name \E: #REF!
Name \EE: #REF!
Name \EE: #REF!
Name \G: #REF!
Name \G: #REF!
Name \k: '[3]7422CW00'!#REF!
Name \k: #REF!
Name \k: '[3]7422CW00'!#REF!
Name \l: [4]STRSUMM0!#REF!
Name \l: #REF!
Name \l: [4]STRSUMM0!#REF!
Name \M: #REF!
Name \M: #REF!
Name \M: #REF!
Name \M: #REF!
Name \M: #REF!
Name \M: #REF!
Name \M: #REF!
Name \M: #REF!
Name \M: #REF!

Sheet PRESUPUESTO OFICIAL
A3: Formulario 1 - Propuesta económica - Documento tipo de licitación de obra pública de agua potable y saneamiento básico
A4: Código | B4: CCE-EICP-FM-47 | C4: Versión | D4: 1
A5: FORMULARIO 1
A6: PRESUPUESTO OFICIAL
A7: PRESUPUESTO OFICIAL ACUEDUCTO AMARILLAL
A8: Nº | B8: ITEM | C8: DESCRIPCIÓN | D8: UND. | E8: CANTIDAD | F8: VALOR UNITARIO | G8: VALOR TOTAL
A10: 1. ACCESORIOS | H10: VALOR UNITRARIO GOBER | I10: AIU
A11: 1.1 | B11: 4.04.18 | C11: SUMINISTRO E INSTALACIÓN VÁLVULA DE CONTROL PARA AGUA - (BOLA DE COBRE). (PRESIÓN Y CAUDAL) D = 1/2" | D11: UND | E11: 7 | F11: =ROUND(H11+I11,2) -> 223823.09 | G11: =ROUND(F11*E11,0) -> 1566762 | H11: 172171.61 | I11: =0.3*H11 -> 51651.483
A12: 1.2 | B12: 4.04.19 | C12: SUMINISTRO E INSTALACIÓN VÁLVULA DE CONTROL PARA AGUA - (BOLA DE COBRE). (PRESIÓN Y CAUDAL) D = 3/4" | D12: UND | E12: 1 | F12: =ROUND(H12+I12,2) -> 228773.49 | G12: =ROUND(F12*E12,0) -> 228773 | H12: 175979.61 | I12: =0.3*H12 -> 52793.883
A13: 1.3 | B13: 4.04.20 | C13: SUMINISTRO E INSTALACIÓN VÁLVULA DE CONTROL PARA AGUA - (BOLA DE COBRE). (PRESIÓN Y CAUDAL) D = 1" | D13: UND | E13: 3 | F13: =ROUND(H13+I13,2) -> 373263.29 | G13: =ROUND(F13*E13,0) -> 1119790 | H13: 287125.61 | I13: =0.3*H13 -> 86137.683
A14: 1.4 | B14: APU 1.4- REF 4.04.31 | C14: SUMINISTRO E INSTALACIÓN VENTOSA DE DOBLE ACCIÓN D=1/2" en HD | D14: UND | E14: 5 | F14: =ROUND(H14+I14,2) -> 1140940.4 | G14: =ROUND(F14*E14,0) -> 5704702 | H14: ='APU 1.4'!N59 -> 877646.46 | I14: =0.3*H14 -> 263293.94
A15: 1.5 | B15: 4.04.31 | C15: SUMINISTRO E INSTALACIÓN VENTOSA DE DOBLE ACCIÓN DE 3/4" EN HIERRO DÚCTIL. | D15: UND | E15: 4 | F15: =ROUND(H15+I15,2) -> 611004.04 | G15: =ROUND(F15*E15,0) -> 2444016 | H15: 470003.11 | I15: =0.3*H15 -> 141000.93
A16: 1.6 | B16: 4.04.32 | C16: SUMINISTRO E INSTALACIÓN VENTOSA DE DOBLE ACCIÓN DE 1" EN HIERRO DÚCTIL | D16: UND | E16: 1 | F16: =ROUND(H16+I16,2) -> 1542740 | G16: =ROUND(F16*E16,0) -> 1542740 | H16: 1186723.1 | I16: =0.3*H16 -> 356016.93
A17: 1.7 | B17: 6.03.08 | C17: CAJA DE INSPECCIÓN SUBTERRÁNEA DE 60 CM X 60 CM. INCLUYE MARCO Y CONTRAMARCO TIPO CD 2006 | D17: UND | E17: 30 | F17: =ROUND(H17+I17,2) -> 1359981.9 | G17: =ROUND(F17*E17,0) -> 40799458 | H17: 1046139.9 | I17: =0.3*H17 -> 313841.98
A18: 1.8 | B18: 4.04.34 | C18: SUMINISTRO E INSTALACIÓN DE VALVULA DE PURGA 1/2" | D18: UND | E18: 4 | F18: =ROUND(H18+I18,2) -> 133413.94 | G18: =ROUND(F18*E18,0) -> 533656 | H18: 102626.11 | I18: =0.3*H18 -> 30787.833
A19: 1.9 | B19: APU 1.9- REF 4.04.27 | C19: SUMINISTRO E INSTALACIÓN DE MACROMEDIDORES PARA AGUA LIMPIA PN 230 PSI Ø 2" | D19: UND | E19: 4 | F19: =ROUND(H19+I19,2) -> 1264774.1 | G19: =ROUND(F19*E19,0) -> 5059096 | H19: ='APU 1.9'!N59 -> 972903.12 | I19: =0.3*H19 -> 291870.94
A20: 1.10 | B20: APU 1.10- REF 4.04.27 | C20: SUMINISTRO E INSTALACIÓN DE MACROMEDIDORES PARA AGUA LIMPIA PN 230 PSI Ø 3" | D20: UND | E20: 1 | F20: =ROUND(H20+I20,2) -> 1511401.5 | G20: =ROUND(F20*E20,0) -> 1511402 | H20: ='APU 1.10'!N59 -> 1162616.6 | I20: =0.3*H20 -> 348784.97
A21: 2. ESTRUCTURAS
A22: 2.1 TANQUE DE ALMACENAMIENTO
A23: 2.1.1 | B23: 1.03.07 | C23: PAÑETE IMPERMEABILIZADO 1:3 | D23: M2 | E23: 48.8 | F23: =ROUND(H23+I23,2) -> 50081.6 | G23: =ROUND(F23*E23,0) -> 2443982 | H23: 38524.31 | I23: =0.3*H23 -> 11557.293
A24: 2.1.2 | B24: APU 2.1.2- REF 1.03.07 | C24: IMPERMEABILIZACIÓN CON MEMBRANA PVC SIKAPLAN 12 NTR PARA TANQUES ALMACENAMIENTO | D24: M2 | E24: 48.8 | F24: =ROUND(H24+I24,2) -> 177769.11 | G24: =ROUND(F24*E24,0) -> 8675133 | H24: ='APU 2.1.2 '!N59 -> 136745.47 | I24: =0.3*H24 -> 41023.641
A25: 2.1.3 | B25: APU 2.1.3-REF2.18.18 | C25: RETIRO DE LODOS, LIMPIEZA Y MANEJO DEL AGUA DEL TANQUES ALMACENAMIENTO. | D25: UND | E25: 1 | F25: =ROUND(H25+I25,2) -> 153250.96 | G25: =ROUND(F25*E25,0) -> 153251 | H25: ='APU 2.1.3'!N59 -> 117885.35 | I25: =0.3*H25 -> 35365.605
A26: 2.2 TANQUE DE ALMACENAMIENTO N°2
A27: 2.2.1 | B27: 1.03.07 | C27: PAÑETE IMPERMEABILIZADO 1:3 | D27: M2 | E27: 50.2 | F27: =ROUND(H27+I27,2) -> 50081.6 | G27: =ROUND(F27*E27,0) -> 2514096 | H27: 38524.31 | I27: =0.3*H27 -> 11557.293
A28: 2.2.2 | B28: APU 2.2.2- REF 1.03.07 | C28: IMPERMEABILIZACIÓN CON MEMBRANA PVC SIKAPLAN 12 NTR PARA TANQUES ALMACENAMIENTO | D28: M2 | E28: 50.2 | F28: =ROUND(H28+I28,2) -> 177769.11 | G28: =ROUND(F28*E28,0) -> 8924009 | H28: ='APU 2.1.2 '!N59 -> 136745.47 | I28: =0.3*H28 -> 41023.641
A29: 2.2.3 | B29: APU 2.2.3-REF2.18.18 | C29: RETIRO DE LODOS, LIMPIEZA Y MANEJO DEL AGUA DEL TANQUES ALMACENAMIENTO. | D29: UND | E29: 1 | F29: =ROUND(H29+I29,2) -> 153250.96 | G29: =ROUND(F29*E29,0) -> 153251 | H29: ='APU 2.1.3'!N59 -> 117885.35 | I29: =0.3*H29 -> 35365.605
A30: SUBTOTAL ACUEDUCTO AMARILLA | G30: =SUM(G11:G29) -> 83374117
A31: PRESUPUESTO OFICIAL ACUEDUCTO ARRAYANCITOS | I31: =0.3*H31 -> 0
A32: Nº | C32: DESCRIPCIÓN | D32: UND. | E32: CANTIDAD | F32: =F8 -> VALOR UNITARIO | G32: VALOR TOTAL | I32: =0.3*H32 -> 0
I33: =0.3*H33 -> 0
A34: 3. REDES DE ACUEDUCTO | I34: =0.3*H34 -> 0
A35: 3.1 | B35: 3.03.10 | C35: EXCAVACIÓN MANUAL EN MATERIAL COMUN | D35: M3 | E35: 95.01 | F35: =ROUND(H35+I35,2) -> 91750.92 | G35: =ROUND(E35*F35,0) -> 8717255 | H35: 70577.63 | I35: =0.3*H35 -> 21173.289
A36: 3.2 | B36: 3.03.11 | C36: EXCAVACION MANUAL EN MATERIAL CONGLOMERADO | D36: M3 | E36: 158.34 | F36: =ROUND(H36+I36,2) -> 127653.45 | G36: =ROUND(E36*F36,0) -> 20212647 | H36: 98194.96 | I36: =0.3*H36 -> 29458.488
A37: 3.3 | B37: APU 3.3- REF 3.02.04-3.02.05 | C37: EXCAVACION MECANICA COMPRESOR MATERIAL ROCA | D37: M3 | E37: 63.34 | F37: =ROUND(H37+I37,2) -> 57524.68 | G37: =ROUND(E37*F37,0) -> 3643613 | H37: ='APU 3.3 '!N59 -> 44249.75 | I37: =0.3*H37 -> 13274.925
A38: 3.4 | B38: 2.01.67 | C38: RETIRO DE TUBERÍA EXISTENTE HASTA 12" | D38: ML | E38: 910 | F38: =ROUND(H38+I38,2) -> 10047.09 | G38: =ROUND(E38*F38,0) -> 9142852 | H38: 7728.53 | I38: =0.3*H38 -> 2318.559
A39: 3.5 | B39: 4.02.09 | C39: SUMINISTRO E INSTALACIÓN TUBERÍA PN 16 DIAMETRO 63 mm (UNION CADA 100 M) | D39: ML | E39: 910 | F39: =ROUND(H39+I39,2) -> 36806.54 | G39: =ROUND(E39*F39,0) -> 33493951 | H39: 28312.72 | I39: =0.3*H39 -> 8493.816
A40: 3.6 | B40: 4.01.04 | C40: RELLENO ARENA DE PEÑA COMPACTADO CON PLANCHA VIBRADORA | D40: M3 | E40: 87.51 | F40: =ROUND(H40+I40,2) -> 161548.48 | G40: =ROUND(E40*F40,0) -> 14137107 | H40: 124268.06 | I40: =0.3*H40 -> 37280.418
A41: 3.7 | B41: 4.01.07 | C41: RELLENO CON MATERIAL SELECCIÓNADO PROVENIENTE DE EXCAVACIÓN COMPACTADO CON PLANCHA VIBRADORA | D41: M3 | E41: 226.59 | F41: =ROUND(H41+I41,2) -> 41265.03 | G41: =ROUND(E41*F41,0) -> 9350243 | H41: 31742.33 | I41: =0.3*H41 -> 9522.699
A42: 4. ACCESORIOIS | I42: =0.3*H42 -> 0
A43: 4.1 | B43: APU 4.1- REF 4.01.33 | C43: ACOMETIDA DE 2" PEAD A 1/2" PEAD INCLUYE TUBERÍA PF + UAD 1/2", REGISTRO DE CORTE, SILLETA DERIVACIÓN Y ACCESORIOS COMPLEMENTARIOS PARA SU CONEXIÓN. | D43: UND | E43: 4 | F43: =ROUND(H43+I43,2) -> 181062.39 | G43: =ROUND(E43*F43,0) -> 724250 | H43: ='APU4.1'!N62 -> 139278.76 | I43: =0.3*H43 -> 41783.628
A44: 4.2 | B44: APU 4.2- REF 4.01.33 | C44: DERIVACION 2" PEAD A 2" PVC (INCLUYE TODOS LOS ACCESORIOS) | D44: UND | E44: 2 | F44: =ROUND(H44+I44,2) -> 346729.64 | G44: =ROUND(E44*F44,0) -> 693459 | H44: ='APU 4.2'!N62 -> 266715.11 | I44: =0.3*H44 -> 80014.533
A45: 4.3 | B45: APU 4.3- REF 4.04.31 | C45: SUMINISTRO E INSTALACIÓN VENTOSA DE DOBLE ACCIÓN D=1/2" en HD | D45: UND | E45: 3 | F45: =ROUND(H45+I45,2) -> 1140940.4 | G45: =ROUND(E45*F45,0) -> 3422821 | H45: ='APU 4.3'!N62 -> 877646.46 | I45: =0.3*H45 -> 263293.94
A46: 4.4 | B46: 4.04.20 | C46: SUMINISTRO E INSTALACIÓN VÁLVULA DE CONTROL PARA AGUA - (BOLA DE COBRE). (PRESIÓN Y CAUDAL) D = 1" | D46: UND | E46: 1 | F46: =ROUND(H46+I46,2) -> 373263.29 | G46: =ROUND(E46*F46,0) -> 373263 | H46: 287125.61 | I46: =0.3*H46 -> 86137.683
A47: 4.5 | B47: 4.04.21 | C47: SUMINISTRO E INSTALACIÓN VÁLVULA DE CONTROL PARA AGUA - (BOLA DE COBRE). (PRESIÓN Y CAUDAL) D = 2" | D47: UND | E47: 1 | F47: =ROUND(H47+I47,2) -> 884007.46 | G47: =ROUND(E47*F47,0) -> 884007 | H47: 680005.74 | I47: =0.3*H47 -> 204001.72
A48: 4.6 | B48: 2.12.42 | C48: SUMINISTRO E INSTALACIÓN DE REGISTRO DE BOLA ROSCADO PVC DE 1/2" T.P. | D48: UND | E48: 1 | F48: =ROUND(H48+I48,2) -> 32247.97 | G48: =ROUND(E48*F48,0) -> 32248 | H48: 24806.13 | I48: =0.3*H48 -> 7441.839
A49: 4.7 | B49: 2.12.44 | C49: SUMINISTRO E INSTALACIÓN DE REGISTRO DE BOLA ROSCADO PVC DE 1" T.P. | D49: UND | E49: 2 | F49: =ROUND(H49+I49,2) -> 52246.73 | G49: =ROUND(E49*F49,0) -> 104493 | H49: 40189.79 | I49: =0.3*H49 -> 12056.937
A50: 4.8 | B50: 2.12.46 | C50: SUMINISTRO E INSTALACIÓN DE REGISTRO DE BOLA ROSCADO PVC DE 1 1/2" T.P. | D50: UND | E50: 1 | F50: =ROUND(H50+I50,2) -> 90273.87 | G50: =ROUND(E50*F50,0) -> 90274 | H50: 69441.44 | I50: =0.3*H50 -> 20832.432
A51: 4.9 | B51: 2.12.47 | C51: SUMINISTRO E INSTALACIÓN DE REGISTRO DE BOLA ROSCADO PVC DE 2" T.P. | D51: UND | E51: 3 | F51: =ROUND(H51+I51,2) -> 147307.8 | G51: =ROUND(E51*F51,0) -> 441923 | H51: 113313.69 | I51: =0.3*H51 -> 33994.107
A52: 4.10 | B52: 6.03.08 | C52: CAJA DE INSPECCIÓN SUBTERRÁNEA DE 60 CM X 60 CM. INCLUYE MARCO Y CONTRAMARCO TIPO CD 2006 | D52: UND | E52: 16 | F52: =ROUND(H52+I52,2) -> 1359981.9 | G52: =ROUND(E52*F52,0) -> 21759711 | H52: 1046139.9 | I52: =0.3*H52 -> 313841.98
A53: 4.11 | B53: APU 1.9- REF 4.04.27 | C53: SUMINISTRO E INSTALACIÓN DE MACROMEDIDORES PARA AGUA LIMPIA PN 230 PSI Ø 2" | D53: UND | E53: 2 | F53: =ROUND(H53+I53,2) -> 1264774.1 | G53: =ROUND(E53*F53,0) -> 2529548 | H53: ='APU 1.9'!N59 -> 972903.12 | I53: =0.3*H53 -> 291870.94
A54: 4.12 | B54: 4.04.36 | C54: SUMINISTRO E INSTALCIÓN VÁLVULA DE PURGA D=2" | D54: UND | E54: 2 | F54: =ROUND(H54+I54,2) -> 384659.26 | G54: =ROUND(E54*F54,0) -> 769319 | H54: 295891.74 | I54: =0.3*H54 -> 88767.522
A55: 5. ESTRUCTURAS
A56: 5.1 CERRAMIENTO DE TANQUE DE ALMACENAMIENTO N°2
A57: 5.1 | B57: 2.19.05 | C57: CERRAMIENTO EN MALLA ESLABONADA CAL 13 (INCLUYE TUBO AGUA NEGRA DE 2" Y ANGULO 1" X 1" X 1/8") | D57: M2 | E57: =22+2 -> 24 | F57: =ROUND(H57+I57,2) -> 462607.89 | G57: =ROUND(E57*F57,0) -> 11102589 | H57: 355852.22 | I57: =0.3*H57 -> 106755.67
A58: 5.2 | B58: 3.03.10 | C58: EXCAVACIÓN MANUAL EN MATERIAL COMUN | D58: M3 | E58: 0.15 | F58: =ROUND(H58+I58,2) -> 91750.92 | G58: =ROUND(E58*F58,0) -> 13763 | H58: =H35 -> 70577.63 | I58: =0.3*H58 -> 21173.289
A59: 5.3 | B59: 1.01.04 | C59: CONCRETO SIMPLE DE 21 Mpa. (3000 PSI) | D59: M3 | E59: 0.16 | F59: =ROUND(H59+I59,2) -> 723648.78 | G59: =ROUND(E59*F59,0) -> 115784 | H59: 556652.91 | I59: =0.3*H59 -> 166995.87
A60: 6.TRANSPORTE
A61: 6.1 | B61: 3.12.03 | C61: TRANSPORTE DE MATERIAL DE AFIRMADO Y/O GRANULAR SUELTO (MEDIDO EN BANCO) DESPUÉS DE 5 KM. | D61: M3 | E61: =SUM(E35:E37) -> 316.69 | F61: =ROUND(H61+I61,2) -> 3594.63 | G61: =ROUND(E61*F61,0) -> 1138383 | H61: 2765.1 | I61: =0.3*H61 -> 829.53
A62: SUBTOTAL ACUEDUCTO ARRAYANCITOS | G62: =SUM(G35:G61) -> 142893503
A63: PRESUPUESTO OFICIAL ACUEDUCTO BARON GALLERO SAN ANTONIO
A64: Nº | C64: DESCRIPCIÓN | D64: UND. | E64: CANTIDAD | F64: =F8 -> VALOR UNITARIO | G64: VALOR TOTAL
A66: 7. REDES DE ACUEDUCTO
A67: 7.1 | B67: 3.03.10 | C67: EXCAVACIÓN MANUAL EN MATERIAL COMUN | D67: M3 | E67: 52.2 | F67: =ROUND(H67+I67,2) -> 91750.92 | G67: =ROUND(E67*F67,0) -> 4789398 | H67: =H35 -> 70577.63 | I67: =0.3*H67 -> 21173.289
A68: 7.2 | B68: 3.03.11 | C68: EXCAVACION MANUAL EN MATERIAL CONGLOMERADO | D68: M3 | E68: 87 | F68: =ROUND(H68+I68,2) -> 127653.45 | G68: =ROUND(E68*F68,0) -> 11105850 | H68: =H36 -> 98194.96 | I68: =0.3*H68 -> 29458.488
A69: 7.3 | B69: APU 3.3- REF 3.02.04-3.02.05 | C69: EXCAVACION MECANICA COMPRESOR MATERIAL ROCA | D69: M3 | E69: 34.8 | F69: =ROUND(H69+I69,2) -> 57524.68 | G69: =ROUND(E69*F69,0) -> 2001859 | H69: ='APU 3.3 '!N59 -> 44249.75 | I69: =0.3*H69 -> 13274.925
A70: 7.4 | B70: 2.01.67 | C70: RETIRO DE TUBERÍA EXISTENTE HASTA 12" | D70: ML | E70: 500 | F70: =ROUND(H70+I70,2) -> 10047.09 | G70: =ROUND(E70*F70,0) -> 5023545 | H70: =H38 -> 7728.53 | I70: =0.3*H70 -> 2318.559
A71: 7.5 | B71: 4.02.09 | C71: SUMINISTRO E INSTALACIÓN TUBERÍA PN 16 DIAMETRO 63 mm (UNION CADA 100 M) | D71: ML | E71: 500 | F71: =ROUND(H71+I71,2) -> 36806.54 | G71: =ROUND(E71*F71,0) -> 18403270 | H71: =H39 -> 28312.72 | I71: =0.3*H71 -> 8493.816
A72: 7.6 | B72: 4.01.04 | C72: RELLENO ARENA DE PEÑA COMPACTADO CON PLANCHA VIBRADORA | D72: M3 | E72: 48.9 | F72: =ROUND(H72+I72,2) -> 161548.48 | G72: =ROUND(E72*F72,0) -> 7899721 | H72: =H40 -> 124268.06 | I72: =0.3*H72 -> 37280.418
A73: 7.7 | B73: 4.01.07 | C73: RELLENO CON MATERIAL SELECCIÓNADO PROVENIENTE DE EXCAVACIÓN COMPACTADO CON PLANCHA VIBRADORA | D73: M3 | E73: 124.5 | F73: =ROUND(H73+I73,2) -> 41265.03 | G73: =ROUND(E73*F73,0) -> 5137496 | H73: =H41 -> 31742.33 | I73: =0.3*H73 -> 9522.699
A74: 8. ACCESORIOS | I74: =0.3*H74 -> 0
A75: 8.1 | B75: APU 8.1- REF 4.03.39 | C75: DERIVACION 2" PEAD A 1/2" PVC (INCLUYE TODOS LOS ACCESORIOS) | D75: UND | E75: 3 | F75: =ROUND(H75+I75,2) -> 123956.38 | G75: =ROUND(E75*F75,0) -> 371869 | H75: ='APU 8.1'!M62 -> 95351.06 | I75: =0.3*H75 -> 28605.318
A76: 8.2 | B76: APU 8.2- REF 4.01.33 | C76: DERIVACION 2" PEAD A 1/2" PEAD (INCLUYE TODOS LOS ACCESORIOS) | D76: UND | E76: 1 | F76: =ROUND(H76+I76,2) -> 76251.99 | G76: =ROUND(E76*F76,0) -> 76252 | H76: ='APU 8.2 '!N62 -> 58655.38 | I76: =0.3*H76 -> 17596.614
A77: 8.3 | B77: APU 4.1- REF 4.01.33 | C77: ACOMETIDA DE 2" PEAD A 1/2" PEAD INCLUYE TUBERÍA PF + UAD 1/2", REGISTRO DE CORTE, SILLETA DERIVACIÓN Y ACCESORIOS COMPLEMENTARIOS PARA SU CONEXIÓN. | D77: UND | E77: 2 | F77: =ROUND(H77+I77,2) -> 181062.39 | G77: =ROUND(E77*F77,0) -> 362125 | H77: ='APU4.1'!N62 -> 139278.76 | I77: =0.3*H77 -> 41783.628
A78: 8.4 | B78: APU 8.4- REF 4.01.33 | C78: UNION 2" PEAD 1/2" PVC (INCLUYE TODOS LOS ACCESORIOS) | D78: UND | E78: 1 | F78: =ROUND(H78+I78,2) -> 62066.62 | G78: =ROUND(E78*F78,0) -> 62067 | H78: ='APU 8.4 '!N62 -> 47743.55 | I78: =0.3*H78 -> 14323.065
A79: 8.5 | B79: 4.04.18 | C79: SUMINISTRO E INSTALACIÓN VÁLVULA DE CONTROL PARA AGUA - (BOLA DE COBRE). (PRESIÓN Y CAUDAL) D = 1/2" | D79: UND | E79: 6 | F79: =ROUND(H79+I79,2) -> 223823.09 | G79: =ROUND(E79*F79,0) -> 1342939 | H79: =H11 -> 172171.61 | I79: =0.3*H79 -> 51651.483
A80: 8.6 | B80: 4.04.19 | C80: SUMINISTRO E INSTALACIÓN VÁLVULA DE CONTROL PARA AGUA - (BOLA DE COBRE). (PRESIÓN Y CAUDAL) D = 3/4" | D80: UND | E80: 3 | F80: =ROUND(H80+I80,2) -> 228773.49 | G80: =ROUND(E80*F80,0) -> 686320 | H80: =H12 -> 175979.61 | I80: =0.3*H80 -> 52793.883
A81: 8.7 | B81: 4.04.20 | C81: SUMINISTRO E INSTALACIÓN VÁLVULA DE CONTROL PARA AGUA - (BOLA DE COBRE). (PRESIÓN Y CAUDAL) D = 1" | D81: UND | E81: 2 | F81: =ROUND(H81+I81,2) -> 373263.29 | G81: =ROUND(E81*F81,0) -> 746527 | H81: =H13 -> 287125.61 | I81: =0.3*H81 -> 86137.683
A82: 8.8 | B82: APU 8.8- REF 4.04.21 | C82: SUMINISTRO E INSTALACIÓN VÁLVULA DE CONTROL PARA AGUA - (BOLA DE COBRE). (PRESIÓN Y CAUDAL) D = 1 1/2" | D82: UND | E82: 1 | F82: =ROUND(H82+I82,2) -> 961337.85 | G82: =ROUND(E82*F82,0) -> 961338 | H82: ='APU 8.8'!N62 -> 739490.65 | I82: =0.3*H82 -> 221847.19
A83: 8.9 | B83: 4.04.21 | C83: SUMINISTRO E INSTALACIÓN VÁLVULA DE CONTROL PARA AGUA - (BOLA DE COBRE). (PRESIÓN Y CAUDAL) D = 2" | D83: UND | E83: 5 | F83: =ROUND(H83+I83,2) -> 884007.46 | G83: =ROUND(E83*F83,0) -> 4420037 | H83: 680005.74 | I83: =0.3*H83 -> 204001.72
A84: 8.10 | B84: 4.04.33 | C84: SUMINISTRO E INSTALACIÓN VENTOSA DE DOBLE ACCIÓN DE 2" EN HIERRO DÚCTIL | D84: UND | E84: 1 | F84: =ROUND(H84+I84,2) -> 1692799 | G84: =ROUND(E84*F84,0) -> 1692799 | H84: 1302153.1 | I84: =0.3*H84 -> 390645.93
A85: 8.11 | B85: 2.14.33 | C85: SUMINISTRO E INSTALACIÓN DE VÁLVULA VENTOSA DE 1" | D85: UND | E85: 1 | F85: =ROUND(H85+I85,2) -> 536039.24 | G85: =ROUND(E85*F85,0) -> 536039 | H85: 412337.88 | I85: =0.3*H85 -> 123701.36
A86: 8.12 | B86: 4.04.31 | C86: SUMINISTRO E INSTALACIÓN VENTOSA DE DOBLE ACCIÓN DE 3/4" EN HIERRO DÚCTIL | D86: UND | E86: 2 | F86: =ROUND(H86+I86,2) -> 611004.04 | G86: =ROUND(E86*F86,0) -> 1222008 | H86: 470003.11 | I86: =0.3*H86 -> 141000.93
A87: 8.13 | B87: 2.12.42 | C87: SUMINISTRO E INSTALACIÓN DE REGISTRO DE BOLA ROSCADO PVC DE 1/2" T.P. | D87: UND | E87: 6 | F87: =ROUND(H87+I87,2) -> 32247.97 | G87: =ROUND(E87*F87,0) -> 193488 | H87: 24806.13 | I87: =0.3*H87 -> 7441.839
A88: 8.14 | B88: 2.12.43 | C88: SUMINISTRO E INSTALACIÓN DE REGISTRO DE BOLA ROSCADO PVC DE 3/4" T.P. | D88: UND | E88: 4 | F88: =ROUND(H88+I88,2) -> 39021.62 | G88: =ROUND(E88*F88,0) -> 156086 | H88: 30016.63 | I88: =0.3*H88 -> 9004.989
A89: 8.15 | B89: 2.12.44 | C89: SUMINISTRO E INSTALACIÓN DE REGISTRO DE BOLA ROSCADO PVC DE 1" T.P. | D89: UND | E89: 2 | F89: =ROUND(H89+I89,2) -> 52246.73 | G89: =ROUND(E89*F89,0) -> 104493 | H89: 40189.79 | I89: =0.3*H89 -> 12056.937
A90: 8.16 | B90: APU 8.16- REF 2.12.47 | C90: SUMINISTRO E INSTALACIÓN DE REGISTRO DE BOLA ROSCADO PVC DE 3" T.P. | D90: UND | E90: 1 | F90: =ROUND(H90+I90,2) -> 257139.56 | G90: =ROUND(E90*F90,0) -> 257140 | H90: ='APU 8.16 '!N62 -> 197799.66 | I90: =0.3*H90 -> 59339.898
A91: 8.17 | B91: 6.03.08 | C91: CAJA DE INSPECCIÓN SUBTERRÁNEA DE 60 CM X 60 CM. INCLUYE MARCO Y CONTRAMARCO TIPO CD 2006 | D91: UND | E91: 36 | F91: =ROUND(H91+I91,2) -> 1359981.9 | G91: =ROUND(E91*F91,0) -> 48959350 | H91: =H52 -> 1046139.9 | I91: =0.3*H91 -> 313841.98
A92: 8.18 | B92: APU 1.9- REF 4.04.27 | C92: SUMINISTRO E INSTALACIÓN DE MACROMEDIDORES PARA AGUA LIMPIA PN 230 PSI Ø 2" | D92: UND | E92: 2 | F92: =ROUND(H92+I92,2) -> 1264774.1 | G92: =ROUND(E92*F92,0) -> 2529548 | H92: ='APU 1.9'!N59 -> 972903.12 | I92: =0.3*H92 -> 291870.94
A93: 9. ADECUACIÓN Y MANTENIMIENTO TANQUE DE ALMACENAMIENTO PTAP | I93: =0.3*H93 -> 0
A94: 9.1 | B94: APU 9.1- REF | C94: INSTALACIÓN Y ADECUACIÓN DE SISTEMA DE VENTILACIÓN TANQUE DE ALMACENAMIENTO | D94: UND | E94: 1 | F94: =ROUND(H94+I94,2) -> 105658.74 | G94: =ROUND(E94*F94,0) -> 105659 | H94: ='APU 9.1'!N62 -> 81275.95 | I94: =0.3*H94 -> 24382.785
A95: 10.TRANSPORTE
A96: 10.1 | B96: 3.12.03 | C96: TRANSPORTE DE MATERIAL DE AFIRMADO Y/O GRANULAR SUELTO (MEDIDO EN BANCO) DESPUÉS DE 5 KM. | D96: M3 | E96: =SUM(E67:E69) -> 174 | F96: =ROUND(H96+I96,2) -> 3594.63 | G96: =ROUND(E96*F96,0) -> 625466 | H96: 2765.1 | I96: =0.3*H96 -> 829.53
A97: SUBTOTAL BARON GALLERO SAN ANTONIO | G97: =SUM(G67:G96) -> 119772689 | I97: =0.3*H97 -> 0
A98: PRESUPUESTO OFICIAL ACUEDUCTO RUNTA ABAJO PARTE ORIENTAL CIRCUNVALAR | I98: =0.3*H98 -> 0
A99: Nº | C99: DESCRIPCIÓN | D99: UND. | E99: CANTIDAD | F99: =F8 -> VALOR UNITARIO | G99: VALOR TOTAL | I99: =0.3*H99 -> 0
I100: =0.3*H100 -> 0
A101: 11. REDES DE ACUEDUCTO | I101: =0.3*H101 -> 0
A102: 11.1 | B102: 3.03.10 | C102: EXCAVACIÓN MANUAL EN MATERIAL COMUN | D102: M3 | E102: 23.94 | F102: =ROUND(H102+I102,2) -> 91750.92 | G102: =ROUND(E102*F102,0) -> 2196517 | H102: =H67 -> 70577.63 | I102: =0.3*H102 -> 21173.289
A103: 11.2 | B103: 3.03.11 | C103: EXCAVACION MANUAL EN MATERIAL CONGLOMERADO | D103: M3 | E103: 39.9 | F103: =ROUND(H103+I103,2) -> 127653.45 | G103: =ROUND(E103*F103,0) -> 5093373 | H103: =H68 -> 98194.96 | I103: =0.3*H103 -> 29458.488
A104: 11.3 | B104: APU 3.3- REF 3.02.04-3.02.05 | C104: EXCAVACION MECANICA COMPRESOR MATERIAL ROCA | D104: M3 | E104: 15.96 | F104: =ROUND(H104+I104,2) -> 57524.68 | G104: =ROUND(E104*F104,0) -> 918094 | H104: ='APU 3.3 '!N59 -> 44249.75 | I104: =0.3*H104 -> 13274.925
...

Sheet MEMORIAS DE CANTIDADES
A1: MEMORIAS DE CANTIDADES
A3: OBJETO: | B3: OPTIMIZACIÓN Y MEJORAMIENTO DE LOS SISTEMAS DE ACUEDUCTO EN EL ÁREA RURAL DEL MUNICIPIO DE TUNJA-BOYACÁ
A4: SUPERVISOR: | G4: CONTRATO:
A5: ITEM | B5: 1.1 | D5: DESCRIPCION | G5: SUMINISTRO E INSTALACIÓN VÁLVULA DE CONTROL PARA AGUA - (BOLA DE COBRE). (PRESIÓN Y CAUDAL) D = 1/2" | J5: UND | K5: UND
A6: OBSERVACIÓN | C6: CANTIDAD | D6: DIMENSIÓN | G6: TOTAL | H6: FOTOGRAFÍA
D7: LONGITUD | E7: ANCHO | F7: ALTURA (H)
A8: VALVULA REGULADORA 1/2" | C8: 7 | G8: =C8 -> 7
A11: TOTAL | G11: =ROUNDUP((SUM(G8:G10)),2) -> 7
A15: Nombre y firma | F15: Nombre y firma
A16: INTERVENTOR Y/O SUPERVISOR | F16: INTERVENTOR Y/O SUPERVISOR
A17: MEMORIAS DE CANTIDADES
A19: OBJETO: | B19: =B3 -> OPTIMIZACIÓN Y MEJORAMIENTO DE LOS SISTEMAS DE ACUEDUCTO EN EL ÁREA RURAL DEL MUNICIPIO DE TUNJA-BOYACÁ
A20: SUPERVISOR: | G20: CONTRATO:
A21: ITEM | B21: 1.2 | D21: DESCRIPCION | G21: SUMINISTRO E INSTALACIÓN VÁLVULA DE CONTROL PARA AGUA - (BOLA DE COBRE). (PRESIÓN Y CAUDAL) D = 3/4" | J21: UND | K21: UND
A22: OBSERVACIÓN | C22: CANTIDAD | D22: DIMENSIÓN | G22: TOTAL | H22: FOTOGRAFÍA
D23: LONGITUD | E23: ANCHO | F23: ALTURA (H)
A24: VALVULA REGULADORA 3/4" | C24: 1 | G24: =C24 -> 1
A27: TOTAL | G27: =ROUNDUP(SUM(G24:G26),2) -> 1
A31: Nombre y firma | F31: Nombre y firma
A32: INTERVENTOR Y/O SUPERVISOR | F32: INTERVENTOR Y/O SUPERVISOR
A33: MEMORIAS DE CANTIDADES
A35: OBJETO: | B35: =B3 -> OPTIMIZACIÓN Y MEJORAMIENTO DE LOS SISTEMAS DE ACUEDUCTO EN EL ÁREA RURAL DEL MUNICIPIO DE TUNJA-BOYACÁ
A36: SUPERVISOR: | G36: CONTRATO:
A37: ITEM | B37: 1.3 | D37: DESCRIPCION | G37: SUMINISTRO E INSTALACIÓN VÁLVULA DE CONTROL PARA AGUA - (BOLA DE COBRE). (PRESIÓN Y CAUDAL) D = 1" | J37: UND | K37: UND
A38: OBSERVACIÓN | C38: CANTIDAD | D38: DIMENSIÓN | G38: TOTAL | H38: FOTOGRAFÍA
D39: LONGITUD | E39: ANCHO | F39: ALTURA (H)
A40: VALVULA REGULADORA 1" | C40: 3 | G40: =C40 -> 3
A44: TOTAL | G44: =ROUNDUP((SUM(G40:G42)),2) -> 3
A47: Nombre y firma | F47: Nombre y firma
A48: INTERVENTOR Y/O SUPERVISOR | F48: INTERVENTOR Y/O SUPERVISOR
A49: MEMORIAS DE CANTIDADES
A51: OBJETO: | B51: =B3 -> OPTIMIZACIÓN Y MEJORAMIENTO DE LOS SISTEMAS DE ACUEDUCTO EN EL ÁREA RURAL DEL MUNICIPIO DE TUNJA-BOYACÁ
A52: SUPERVISOR: | G52: CONTRATO:
A53: ITEM | B53: 1.4 | D53: DESCRIPCION | G53: SUMINISTRO E INSTALACIÓN VENTOSA DE DOBLE ACCIÓN D=1/2" en HD | J53: UND | K53: UND
A54: OBSERVACIÓN | C54: CANTIDAD | D54: DIMENSIÓN | G54: TOTAL | H54: FOTOGRAFÍA
D55: LONGITUD | E55: ANCHO | F55: ALTURA (H)
A56: VALVULA VENDOSA DOBLE 1/2" | C56: 5 | G56: =C56 -> 5
A59: TOTAL | G59: =ROUNDUP(((SUM(G56:G57))),2) -> 5
A62: Nombre y firma | F62: Nombre y firma
A63: INTERVENTOR Y/O SUPERVISOR | F63: INTERVENTOR Y/O SUPERVISOR
A64: MEMORIAS DE CANTIDADES
A66: OBJETO: | B66: =B3 -> OPTIMIZACIÓN Y MEJORAMIENTO DE LOS SISTEMAS DE ACUEDUCTO EN EL ÁREA RURAL DEL MUNICIPIO DE TUNJA-BOYACÁ
A67: SUPERVISOR: | G67: CONTRATO:
A68: ITEM | B68: 1.5 | D68: DESCRIPCION | G68: SUMINISTRO E INSTALACIÓN VENTOSA DE DOBLE ACCIÓN DE 3/4" EN HIERRO DÚCTIL. | J68: UND | K68: UND
A69: OBSERVACIÓN | C69: CANTIDAD | D69: DIMENSIÓN | G69: TOTAL | H69: FOTOGRAFÍA
D70: LONGITUD | E70: ANCHO | F70: ALTURA (H)
A71: VALVULA VENDOSA DOBLE 3/4" | C71: 4 | G71: =C71 -> 4
A75: TOTAL | G75: =ROUNDUP((SUM(G71:G73)),2) -> 4
A78: Nombre y firma | F78: Nombre y firma
A79: INTERVENTOR Y/O SUPERVISOR | F79: INTERVENTOR Y/O SUPERVISOR
A80: SUPERVISOR: | G80: CONTRATO:
A81: MEMORIAS DE CANTIDADES
A83: OBJETO: | B83: =B3 -> OPTIMIZACIÓN Y MEJORAMIENTO DE LOS SISTEMAS DE ACUEDUCTO EN EL ÁREA RURAL DEL MUNICIPIO DE TUNJA-BOYACÁ
A84: ITEM | B84: 1.6 | D84: DESCRIPCION | G84: SUMINISTRO E INSTALACIÓN VENTOSA DE DOBLE ACCIÓN DE 1" EN HIERRO DÚCTIL | J84: UND | K84: UND
A85: OBSERVACIÓN | C85: CANTIDAD | D85: DIMENSIÓN | G85: TOTAL | H85: FOTOGRAFÍA
D86: LONGITUD | E86: ANCHO | F86: ALTURA (H)
A87: VALVULA VENDOSA DOBLE 1" | C87: 1 | G87: =C87 -> 1
A90: TOTAL | G90: =ROUNDUP((SUM(G87:G88)),2) -> 1
A93: Nombre y firma | F93: Nombre y firma
A94: INTERVENTOR Y/O SUPERVISOR | F94: INTERVENTOR Y/O SUPERVISOR
A95: SUPERVISOR: | G95: CONTRATO:
A96: MEMORIAS DE CANTIDADES
A98: OBJETO: | B98: =B3 -> OPTIMIZACIÓN Y MEJORAMIENTO DE LOS SISTEMAS DE ACUEDUCTO EN EL ÁREA RURAL DEL MUNICIPIO DE TUNJA-BOYACÁ
A99: SUPERVISOR: | G99: CONTRATO:
A100: ITEM | B100: 1.7 | D100: DESCRIPCION | G100: CAJA DE INSPECCIÓN SUBTERRÁNEA DE 60 CM X 60 CM. INCLUYE MARCO Y CONTRAMARCO TIPO CD 2006 | J100: UND | K100: UND
A101: OBSERVACIÓN | C101: CANTIDAD | D101: DIMENSIÓN | G101: TOTAL | H101: FOTOGRAFÍA
D102: LONGITUD | E102: ANCHO | F102: ALTURA (H)
A103: CAJA 60 X 60 | B103: Tramo 22 | C103: 30 | G103: =C103 -> 30
A105: TOTAL | G105: =ROUNDUP((SUM(G103:G104)),2) -> 30
A109: Nombre y firma | F109: Nombre y firma
A110: INTERVENTOR Y/O SUPERVISOR | F110: INTERVENTOR Y/O SUPERVISOR
A111: MEMORIAS DE CANTIDADES
A113: OBJETO: | B113: =B3 -> OPTIMIZACIÓN Y MEJORAMIENTO DE LOS SISTEMAS DE ACUEDUCTO EN EL ÁREA RURAL DEL MUNICIPIO DE TUNJA-BOYACÁ
A114: SUPERVISOR: | G114: CONTRATO:
A115: ITEM | B115: 1.8 | D115: DESCRIPCION | G115: SUMINISTRO E INSTALACIÓN DE VALVULA DE PURGA 1/2 | J115: UND | K115: UND
A116: OBSERVACIÓN | C116: CANTIDAD | D116: DIMENSIÓN | G116: TOTAL | H116: FOTOGRAFÍA
D117: LONGITUD | E117: ANCHO | F117: ALTURA (H)
C118: 4 | G118: =C118 -> 4
A121: TOTAL | G121: =ROUNDUP((SUM(G118:G120)),2) -> 4
A125: Nombre y firma | F125: Nombre y firma
A126: INTERVENTOR Y/O SUPERVISOR | F126: INTERVENTOR Y/O SUPERVISOR
A127: MEMORIAS DE CANTIDADES
A129: OBJETO: | B129: =B3 -> OPTIMIZACIÓN Y MEJORAMIENTO DE LOS SISTEMAS DE ACUEDUCTO EN EL ÁREA RURAL DEL MUNICIPIO DE TUNJA-BOYACÁ
A130: SUPERVISOR: | G130: CONTRATO:
A131: ITEM | B131: 1.9 | D131: DESCRIPCION | G131: SUMINISTRO E INSTALACIÓN DE MACROMEDIDORES PARA AGUA LIMPIA PN 230 PSI Ø 2" | J131: UND | K131: UND
A132: OBSERVACIÓN | C132: CANTIDAD | D132: DIMENSIÓN | G132: TOTAL | H132: FOTOGRAFÍA
D133: LONGITUD | E133: KG/M | F133: ALTURA (H)
A134: MACROMEDIDORES PN 230 PSI Ø 2 | C134: 4 | G134: =C134 -> 4
A137: TOTAL | G137: =ROUNDUP((SUM(G134:G136)),2) -> 4
A141: Nombre y firma | F141: Nombre y firma
A142: INTERVENTOR Y/O SUPERVISOR | F142: INTERVENTOR Y/O SUPERVISOR
A143: MEMORIAS DE CANTIDADES
A145: OBJETO: | B145: =B19 -> OPTIMIZACIÓN Y MEJORAMIENTO DE LOS SISTEMAS DE ACUEDUCTO EN EL ÁREA RURAL DEL MUNICIPIO DE TUNJA-BOYACÁ
A146: SUPERVISOR: | G146: CONTRATO:
A147: ITEM | B147: 1.10 | D147: DESCRIPCION | G147: SUMINISTRO E INSTALACIÓN DE MACROMEDIDORES PARA AGUA LIMPIA PN 230 PSI Ø 3" | J147: UND | K147: UND
A148: OBSERVACIÓN | C148: CANTIDAD | D148: DIMENSIÓN | G148: TOTAL | H148: FOTOGRAFÍA
D149: LONGITUD | E149: KG/M | F149: ALTURA (H)
A150: MACROMEDIDORES PN 230 PSI Ø 3 | C150: 1 | G150: =C150 -> 1
A153: TOTAL | G153: =ROUNDUP((SUM(G150:G152)),2) -> 1
A157: Nombre y firma | F157: Nombre y firma
...

Sheet PMA 
D4: cotizaciones
D5: Cometazul | E5: =11000000*1.19 -> 13090000
D6: DyM | E6: =D23 -> 12500000
D7: ISA | E7: =6000000*1.19 -> 7140000
D8: PROM | E8: =ROUND(AVERAGE(E5:E7),2) -> 10910000
B10: NOTA | C10: Para la cotizacion de DyM se toma el valor promedio para cada actividad
B13: cotizacion DyM
B14: ACTIVIDADA | D14: VALOR
B15: Contratación de un ingeniero residentes (dedicación del 20%) | D15: 1500000
B16: Selección de equipos adecuados: Asegurar de que las maquinarias sean apropiadas para trabajar en áreas húmedas y de difícil acceso. | D16: 4500000
B17: B.2 Plan Transporte y Descarga de Material | D17: 1500000
B18: B.3 Plan Seguridad e Higiene Industrial | D18: 1000000
B19: B.4 Programa de contingencias | D19: 1000000
B20: B.5 Plan Control y Disposición del Material de Demolición / Escombros | D20: 1000000
B21: B.6 Plan de Información y Participación Comunitaria | D21: 1000000
B22: B.6 Plan de Monitoreo y Seguimiento | D22: 1000000
C23: TOTAL | D23: =SUM(D15:E22) -> 12500000

Sheet Listadio de Materiales
A1: ='[129]PRESUPUESTO GENERAL'!E2 -> PRESUPUESTO OPTIMIZACIÓN SISTEMA DE ACUEDUCTO EL AMARILLAL VEREDA CHORRO BLANCO BAJO SECTOR EL CASADERO ALTERNATIVA N°1
A4: DESCRIPCIÓN | B4: UND | C4: VALOR UNITARIO | D4: FUENTE
A5: LIMPIADOR 1/4 PVC | B5: GL | C5: 40200 | D5: Gobernación 2025
A6: SOLDADURA LIQUIDA PVC | B6: GL | C6: 100925 | D6: Gobernación 2025
A7: REGISTRO DE BOLA ROSCADO PVC DE 3" T.P. | B7: UND | C7: ='COTIZACIONES '!F8 -> 104571.67 | D7: Cotización
A8: VENTOSA DE DOBLE ACCIÓN DE 1/2" EN HIERRO DÚCTIL. | B8: UND | C8: ='COTIZACIONES '!F7 -> 840643.33 | D8: Cotización
A9: TUBERÍA POLIETILENO PE 100 PN 16 RDE 11 DIAMETRO 63 mm (2``) | B9: ML | C9: 17011 | D9: Gobernación 2025
A10: TUBERÍA POLIETILENO PE 100 PN 16 RDE 11 DIAMETRO 90 mm (3``) | B10: ML | C10: 34400 | D10: Gobernación 2025
A11: MACROMEDIDORES 2" | B11: UND | C11: ='COTIZACIONES '!F4 -> 780279.83 | D11: Cotización
A12: MACROMEDIDORES 3" | B12: UND | C12: ='COTIZACIONES '!F5 -> 936604.97 | D12: Cotización
A13: VÁLVULA REGULADORA DE PRESION 1-1/2" | B13: UND | C13: ='COTIZACIONES '!F6 -> 681010.89 | D13: Cotización
A14: VENTOSA DE DOBLE ACCIÓN DE 1/2" EN HIERRO DÚCTIL. | B14: UND | C14: ='COTIZACIONES '!F7 -> 840643.33 | D14: Cotización
A15: MEMBRADA PVC SIKAPLAN | B15: M2 | C15: ='COTIZACIONES '!F9 -> 88205.329 | D15: Cotización
A16: RODILLO DE FELPA DE 9" | B16: UND | C16: ='COTIZACIONES '!F10 -> 13530 | D16: Cotización
A17: BRIDAS 2" | B17: UND | C17: ='COTIZACIONES '!F11 -> 40579.726 | D17: Cotización
A18: BRIDAS 3" | B18: UND | C18: ='COTIZACIONES '!F12 -> 55756.007 | D18: Cotización
A19: TEE PAD 2" | B19: UND | C19: ='COTIZACIONES '!F13 -> 39102 | D19: Cotización
A20: REDUCCIONES PAD 3" A 1-1/2" | B20: UND | C20: ='COTIZACIONES '!F14 -> 42685.697 | D20: Cotización
A21: REDUCCIONES PAD 3" A 1" | B21: UND | C21: ='COTIZACIONES '!F15 -> 41053.81 | D21: Cotización
A22: REDUCCIONES PAD 3" A 3/4" | B22: UND | C22: ='[129]COTIZACIONES '!R30 -> #DIV/0! | D22: Cotización
A23: REDUCCIONES PAD 3" A 1/2" | B23: UND | C23: ='[129]COTIZACIONES '!R31 -> #DIV/0! | D23: Cotización
A24: REDUCCIONES PAD 2" A 1-1/2" | B24: UND | C24: ='COTIZACIONES '!F16 -> 40419.54 | D24: Cotización
A25: REDUCCIONES PAD 2" A 1" | B25: UND | C25: ='COTIZACIONES '!F17 -> 29546.51 | D25: Cotización
A26: REDUCCIONES PAD 2" A 1/2" | B26: UND | C26: ='COTIZACIONES '!F18 -> 26775.397 | D26: Cotización
A27: PORTA BRIDAS 1-1/2" | B27: UND | C27: ='COTIZACIONES '!F19 -> 38154.73 | D27: Cotización
A28: PORTA BRIDAS 1" | B28: UND | C28: ='COTIZACIONES '!F20 -> 13801.727 | D28: Cotización
A29: BRIDAS 2" | B29: UND | C29: ='COTIZACIONES '!F11 -> 40579.726 | D29: Cotización
A30: BRIDAS UNION UNIVERSAL 2" | B30: UND | C30: ='COTIZACIONES '!F21 -> 131987.28 | D30: Cotización
A31: BRIDAS UNION UNIVERSAL 1-1/2" | B31: UND | C31: ='COTIZACIONES '!F22 -> 383599.28 | D31: Cotización
A32: BRIDAS UNION UNIVERSAL 1" | B32: UND | C32: ='COTIZACIONES '!F23 -> 321067.16 | D32: Cotización
A33: EMPAQUE NEOLITEL 3" | B33: UND | C33: ='COTIZACIONES '!F24 -> 14903.213 | D33: Cotización
A34: EMPAQUE NEOLITEL 2" | B34: UND | C34: ='COTIZACIONES '!F25 -> 13385.34 | D34: Cotización
A35: EMPAQUE NEOLITEL 1-1/2" | B35: UND | C35: ='COTIZACIONES '!F26 -> 6525.8133 | D35: Cotización
A36: EMPAQUE NEOLITEL 1" | B36: UND | C36: ='COTIZACIONES '!F27 -> 5435.1667 | D36: Cotización
A37: SILLETA DE DERIVACIÓN2" A 1/2" | B37: UND | C37: ='COTIZACIONES '!F28 -> 18582.247 | D37: Cotización
A38: SILLETA DE DERIVACIÓN 3" A 1/2" | B38: UND | C38: ='COTIZACIONES '!F29 -> 18610.41 | D38: Cotización
A39: REJISTRO DE INCORPORACIÓN | B39: UND | C39: ='COTIZACIONES '!F30 -> 23895.647 | D39: Cotización
A40: REGISTRO DE CORTE EN BRONCE DE 1/2" | B40: UND | C40: 29430.8 | D40: Gobernación 2025
A41: TUBERÍA PE-AL-PE 1216 O 1/2" | B41: ML | C41: 3250 | D41: Gobernación 2025
A42: TORNILLOS PARA BRIDAS 2" 3" 4" 6" O 8" | B42: UND | C42: ='COTIZACIONES '!F31 -> 7235.5967 | D42: Cotización
A43: TUBERIA PVC REV 3" | B43: ML | C43: ='COTIZACIONES '!F32 -> 41253.811 | D43: Cotización
A44: CODO C X C 90"PVC S3" | B44: UND | C44: ='COTIZACIONES '!F33 -> 6937.0467 | D44: Cotización
A45: UNION UNIVESAL (1/2") X (1") | B45: UND | C45: ='COTIZACIONES '!F34 -> 4708.8267 | D45: Cotización
A46: UNION UNIVESAL (3/4") X (1 1/2") | B46: UND | C46: ='COTIZACIONES '!F35 -> 6617.6867 | D46: Cotización
A47: Tuberia PE Æ 32 mm | B47: UND | C47: ='COTIZACIONES '!F36 -> 4882.57 | D47: Cotización
A48: Tuberia PE Æ 50 mm | B48: UND | C48: ='COTIZACIONES '!F37 -> 11995.597 | D48: Cotización
A49: HIDROLAVADORA | B49: DD | C49: ='COTIZACIONES '!F38 -> 71893.333 | D49: Cotización

Sheet COTIZACIONES 
A1: ACCESORISOS RED DE DISTRUCION
A3: DESCRIPCIÓN | B3: UND | C3: COT 1 | D3: COT 2 | E3: COT 3 | F3: PROMEDIO | G3: NUMERO DE COTIZACIONES
A4: MACROMEDIDORES 2" | B4: UND | C4: =517789*1.19 -> 616168.91 | D4: =1004003*1.19 -> 1194763.6 | E4: =445300*1.19 -> 529907 | F4: =AVERAGE(C4:E4) -> 780279.83 | G4: =COUNT(C4:E4) -> 3
A5: MACROMEDIDORES 3" | B5: UND | C5: =595460*1.19 -> 708597.4 | D5: =616427*1.19 -> 733548.13 | E5: =1149302*1.19 -> 1367669.4 | F5: =AVERAGE(C5:E5) -> 936604.97 | G5: =COUNT(C5:E5) -> 3
A6: VÁLVULA REGULADORA DE PRESION 1-1/2" | B6: UND | C6: 686297 | D6: =588962*1.19 -> 700864.78 | E6: =551152*1.19 -> 655870.88 | F6: =AVERAGE(C6:E6) -> 681010.89 | G6: =COUNT(C6:E6) -> 3
A7: VENTOSA DE DOBLE ACCIÓN DE 1/2" EN HIERRO DÚCTIL. | B7: UND | C7: =783020 -> 783020 | D7: 919000 | E7: =689000*1.19 -> 819910 | F7: =AVERAGE(C7:E7) -> 840643.33 | G7: =COUNT(C7:E7) -> 3
A8: REGISTRO DE BOLA ROSCADO PVC DE 3" T.P. | B8: UND | C8: 134900 | D8: 89990 | E8: 88825 | F8: =AVERAGE(C8:E8) -> 104571.67 | G8: =COUNT(C8:E8) -> 3
A9: MEMBRADA PVC SIKAPLAN | B9: M2 | C9: =2999000/30 -> 99966.667 | D9: =2916005.21/32 -> 91125.163 | E9: =2352773/32 -> 73524.156 | F9: =AVERAGE(C9:E9) -> 88205.329 | G9: =COUNT(C9:E9) -> 3
A10: RODILLO DE FELPA DE 9" | B10: UND | C10: 18900 | D10: 13100 | E10: 8590 | F10: =AVERAGE(C10:E10) -> 13530 | G10: =COUNT(C10:E10) -> 3
A11: BRIDAS 2" | B11: UND | C11: =30986*1.19 -> 36873.34 | D11: =37240.2*1.19 -> 44315.838 | E11: 40550 | F11: =AVERAGE(C11:E11) -> 40579.726 | G11: =COUNT(C11:E11) -> 3
A12: BRIDAS 3" | B12: UND | C12: =49033*1.19 -> 58349.27 | D12: =44625*1.19 -> 53103.75 | E12: 55815 | F12: =AVERAGE(C12:E12) -> 55756.007 | G12: =COUNT(C12:E12) -> 3
A13: Tee PAD 2" | B13: UND | C13: 33438 | D13: 50310 | E13: =28200*1.19 -> 33558 | F13: =AVERAGE(C13:E13) -> 39102 | G13: =COUNT(C13:E13) -> 3
A14: Reducciones PAD 3" A 1-1/2"(90 x 50mm) | B14: UND | C14: =34541*1.19 -> 41103.79 | D14: =40535*1.19 -> 48236.65 | E14: =32535*1.19 -> 38716.65 | F14: =AVERAGE(C14:E14) -> 42685.697 | G14: =COUNT(C14:E14) -> 3
A15: Reducciones PAD 3" A 1" (90 x 32mm) | B15: UND | C15: =32508*1.19 -> 38684.52 | D15: =40454*1.19 -> 48140.26 | E15: =30535*1.19 -> 36336.65 | F15: =AVERAGE(C15:E15) -> 41053.81 | G15: =COUNT(C15:E15) -> 3
A16: Reducciones PAD 2" A 1-1/2"(63 x 50mm) | B16: UND | C16: =52531*1.19 -> 62511.89 | D16: =27216*1.19 -> 32387.04 | E16: 26359.69 | F16: =AVERAGE(C16:E16) -> 40419.54 | G16: =COUNT(C16:E16) -> 3
A17: Reducciones PAD 2" A 1" (63 x 32mm) | B17: UND | C17: =28565*1.19 -> 33992.35 | D17: =20169*1.19 -> 24001.11 | E17: =25753*1.19 -> 30646.07 | F17: =AVERAGE(C17:E17) -> 29546.51 | G17: =COUNT(C17:E17) -> 3
A18: Reducciones PAD 2" A 1/2"(63 x 25mm) | B18: UND | C18: =19631*1.19 -> 23360.89 | D18: =25432*1.19 -> 30264.08 | E18: =22438*1.19 -> 26701.22 | F18: =AVERAGE(C18:E18) -> 26775.397 | G18: =COUNT(C18:E18) -> 3
A19: Porta Bridas 1-1/2" | B19: UND | C19: 33900 | D19: =46843*1.19 -> 55743.17 | E19: =20858*1.19 -> 24821.02 | F19: =AVERAGE(C19:E19) -> 38154.73 | G19: =COUNT(C19:E19) -> 3
A20: Porta Bridas 1" | B20: UND | C20: 12700 | D20: =13555*1.19 -> 16130.45 | E20: =10567*1.19 -> 12574.73 | F20: =AVERAGE(C20:E20) -> 13801.727 | G20: =COUNT(C20:E20) -> 3
A21: Bridas Union Universal 2" | B21: UND | C21: =117220*1.19 -> 139491.8 | D21: =102916*1.19 -> 122470.04 | E21: 134000 | F21: =AVERAGE(C21:E21) -> 131987.28 | G21: =COUNT(C21:E21) -> 3
A22: Bridas Union Universal 1-1/2" | B22: UND | C22: =320900*1.19 -> 381871 | D22: =345568*1.19 -> 411225.92 | E22: =300589*1.19 -> 357700.91 | F22: =AVERAGE(C22:E22) -> 383599.28 | G22: =COUNT(C22:E22) -> 3
A23: Bridas Union Universal 1" | B23: UND | C23: =1.19*284913 -> 339046.47 | D23: =275600*1.19 -> 327964 | E23: =248900*1.19 -> 296191 | F23: =AVERAGE(C23:E23) -> 321067.16 | G23: =COUNT(C23:E23) -> 3
A24: EMPAQUE NEOLITEL 3" | B24: UND | C24: 24633 | D24: =6256*1.19 -> 7444.64 | E24: 12632 | F24: =AVERAGE(C24:E24) -> 14903.213 | G24: =COUNT(C24:E24) -> 3
A25: Empaque Neolitel 2" | B25: UND | C25: 24919 | D25: =4958*1.19 -> 5900.02 | E25: 9337 | F25: =AVERAGE(C25:E25) -> 13385.34 | G25: =COUNT(C25:E25) -> 3
A26: Empaque Neolitel 1-1/2" | B26: UND | C26: =4276*1.19 -> 5088.44 | D26: 6800 | E26: 7689 | F26: =AVERAGE(C26:E26) -> 6525.8133 | G26: =COUNT(C26:E26) -> 3
A27: Empaque Neolitel 1" | B27: UND | C27: =3150*1.19 -> 3748.5 | D27: 5600 | E27: 6957 | F27: =AVERAGE(C27:E27) -> 5435.1667 | G27: =COUNT(C27:E27) -> 3
A28: Silleta de Derivación2" a 1/2" | B28: UND | C28: =27295*1.19 -> 32481.05 | D28: =10411*1.19 -> 12389.09 | E28: =9140*1.19 -> 10876.6 | F28: =AVERAGE(C28:E28) -> 18582.247 | G28: =COUNT(C28:E28) -> 3
A29: Silleta de Derivación 3" a 1/2" | B29: UND | C29: =27258*1.19 -> 32437.02 | D29: =1.19*10468 -> 12456.92 | E29: =1.19*9191 -> 10937.29 | F29: =AVERAGE(C29:E29) -> 18610.41 | G29: =COUNT(C29:E29) -> 3
A30: Rejistro de Incorporación | B30: UND | C30: =18485*1.19 -> 21997.15 | D30: =18241*1.19 -> 21706.79 | E30: 27983 | F30: =AVERAGE(C30:E30) -> 23895.647 | G30: =COUNT(C30:E30) -> 3
A31: Tornillos para bridas 2" 3" 4" 6" o 8" | B31: UND | C31: =6900*1.19 -> 8211 | D31: =3841*1.19 -> 4570.79 | E31: =7500*1.19 -> 8925 | F31: =AVERAGE(C31:E31) -> 7235.5967 | G31: =COUNT(C31:E31) -> 3
A32: TUBERIA PVC REV 3" | B32: ML | C32: =259356/6 -> 43226 | D32: =(189839*1.19)/6 -> 37651.402 | E32: =(216222*1.19)/6 -> 42884.03 | F32: =AVERAGE(C32:E32) -> 41253.811 | G32: =COUNT(C32:E32) -> 3
A33: CODO C X C 90"PVC S3" | B33: UND | C33: 5250 | D33: =6606*1.19 -> 7861.14 | E33: 7700 | F33: =AVERAGE(C33:E33) -> 6937.0467 | G33: =COUNT(C33:E33) -> 3
A34: UNION UNIVESAL (1/2") X (1") | B34: UND | C34: 8900 | D34: =2338*1.19 -> 2782.22 | E34: =2054*1.19 -> 2444.26 | F34: =AVERAGE(C34:E34) -> 4708.8267 | G34: =COUNT(C34:E34) -> 3
A35: UNION UNIVESAL (3/4") X (1 1/2") | B35: UND | C35: =9650 -> 9650 | D35: =4565*1.19 -> 5432.35 | E35: =4009*1.19 -> 4770.71 | F35: =AVERAGE(C35:E35) -> 6617.6867 | G35: =COUNT(C35:E35) -> 3
A36: Tuberia PE Æ 32 mm | B36: ML | C36: =4190*1.19 -> 4986.1 | D36: =4323*1.19 -> 5144.37 | E36: =3796*1.19 -> 4517.24 | F36: =AVERAGE(C36:E36) -> 4882.57 | G36: =COUNT(C36:E36) -> 3
A37: Tuberia PE Æ 50 mm | B37: ML | C37: =10049*1.19 -> 11958.31 | D37: =10752*1.19 -> 12794.88 | E37: =9440*1.19 -> 11233.6 | F37: =AVERAGE(C37:E37) -> 11995.597 | G37: =COUNT(C37:E37) -> 3
A38: hidrolavadora | B38: DD | C38: 85680 | D38: 50000 | E38: 80000 | F38: =AVERAGE(C38:E38) -> 71893.333 | G38: =COUNT(C38:E38) -> 3

Sheet APU 1.4
B3: Formulario 1 - Propuesta económica - Documento tipo de licitación de obra pública de agua potable y saneamiento básico
B4: Código | C4: CCE-EICP-FM-47 | D4: Versión | E4: 1
B6: [La entidad podrá utilizar este formato, o el establecido por la entidad, para la presentación de los análisis de precios unitarios del contratista en la oportunidad prevista en el numeral 8.1. del Documento Base]
C9: ALCALDIA DE TUNJA
K10: VERSIÓN
C11: [NÚMERO DEL PROCESO]
K12: PÁGINA | L12: 1 | M12: DE | N12: 1
C14: ANALISIS DE PRECIOS UNITARIOS
K16: FECHA | L16: DD | M16: MM | N16: AA
B18: ÍTEMS DE LA PROPUESTA ECONÓMICA
B22: DATOS ESPECÍFICOS
B24: ÍTEM | C24: DESCRIPCIÓN | L24: UNIDAD | N24: CANTIDAD
B25: 1.4 | C25: ='PRESUPUESTO OFICIAL'!C14 -> SUMINISTRO E INSTALACIÓN VENTOSA DE DOBLE ACCIÓN D=1/2" en HD | L25: UND
B26: I. EQUIPO
B29: DESCRIPCIÓN | G29: MARCA | I29: TIPO | K29: TARIFA/HORA | L29: RENDIMIENTO | N29: Vr. UNITARIO
B30: HERRAMIENTA Y EQUIPO MENOR (%M.O.) | K30: 35070 | L30: 0.05 | N30: =K30*L30 -> 1753.5 | P30: NOTA: APU ELABORADO A ARTIR DE 4.04.31
B33: SUBTOTAL $ | N33: =ROUND(SUM(N30:N32),2) -> 1753.5
B34: II. MATERIALES
B37: DESCRIPCIÓN | J37: UNIDAD | K37: CANTIDAD | L37: PRECIO UNIT. | N37: Vr. UNITARIO
B38: VENTOSA DE DOBLE ACCIÓN D=1/2" en HD | J38: UND | K38: 1 | L38: ='Listadio de Materiales'!C14 -> 840643.33 | N38: =L38*K38 -> 840643.33
B39: CINTA TEFLON 10 m 1/2`` | J39: RLL | K39: 0.1 | L39: 1800 | N39: =L39*K39 -> 180
B41: SUBTOTAL $ | N41: =ROUND(SUM(N38:N40),2) -> 840823.33
B42: III. TRANSPORTES
B45: MATERIAL | I45: VOL. o PESO | J45: DISTANCIA | K45: M3 o Ton/Km | L45: TARIFA | N45: Vr. UNITARIO
B48: SUBTOTAL $ | N48: =SUM(N46:N47) -> 0
B49: IV. MANO DE OBRA
B52: TRABAJADOR | J52: Unidad | K52: Vr. Unitario | L52: Cantidad | N52: Valor parcial
B53: CUADRILLA DE INSTALACIÓNES (BB) | J53: HC | K53: 35069.63 | L53: 1 | N53: =K53*L53 -> 35069.63
N54: =K54*L54 -> 0
B57: SUBTOTAL $ | N57: =ROUND(SUM(N53:N56),2) -> 35069.63
B59: TOTAL COSTO DIRECTO $ | N59: =N33+N41+N48+N57 -> 877646.46
B60: V. COSTOS INDIRECTOS
B63: Descripción | K63: Porcentaje | L63: Valor Total
B64: ADMINISTRACION | K64: 0.23 | N64: =$N$59*K64 -> 201858.69
B65: IMPREVISTOS | K65: 0.02 | N65: =$N$59*K65 -> 17552.929
B66: UTILIDAD | K66: 0.05 | N66: =$N$59*K66 -> 43882.323
B67: SUBTOTAL $ | N67: =ROUND(SUM(N64:N66),2) -> 263293.94
B69: Precio Unitario Total Aproximado al peso $ | N69: =ROUND(N59+N67,2) -> 1140940.4
G73: Firma
G74: Nombre: JUAN CARLOS PEREZ MESA
G75: Secretario fomento economico y servicios publicos
G76: Matricula No. :
B78: OBSERVACIONES INTERVENTORÍA
B82: APROBACIÓN POR INTERVENTORÍA
B83: Nota 1: Cuando se trate de Análisis de precios unitarios correspondientes a ítems de la propuesta económica aprobada, el Interventor aprueba el desglose de los componentes manteniendo el mismo precio unitario de cada ítem, cumpliendo con las especificaciones de construcción vigentes para el proyecto.
B85: Nota 2: Cuando se trate de Análisis de precios unitarios de ítems no previstos, el Interventor aprueba el desglose y precio unitario de cada ítem no previsto, exigiendo la aplicación de los costos correspondientes a insumos y tarifas de la propuesta económica inicial cuando estén contemplados, cumpliendo con las especificaciones de construcción vigente para el proyecto.
G88: Firma
G89: Nombre:
G90: Representante Legal del Interventor o su Apoderado
G91: Matricula No. :

Sheet APU 1.9
B3: Formulario 1 - Propuesta económica - Documento tipo de licitación de obra pública de agua potable y saneamiento básico
B4: Código | C4: CCE-EICP-FM-47 | D4: Versión | E4: 1
B6: [La entidad podrá utilizar este formato, o el establecido por la entidad, para la presentación de los análisis de precios unitarios del contratista en la oportunidad prevista en el numeral 8.1. del Documento Base]
C9: ALCALDIA DE TUNJA
K10: VERSIÓN
C11: [NÚMERO DEL PROCESO]
K12: PÁGINA | L12: 1 | M12: DE | N12: 1
C14: ANALISIS DE PRECIOS UNITARIOS
K16: FECHA | L16: DD | M16: MM | N16: AA
B18: ÍTEMS DE LA PROPUESTA ECONÓMICA
B22: DATOS ESPECÍFICOS
B24: ÍTEM | C24: DESCRIPCIÓN | L24: UNIDAD | N24: CANTIDAD
B25: 1.9 | C25: ='PRESUPUESTO OFICIAL'!C19 -> SUMINISTRO E INSTALACIÓN DE MACROMEDIDORES PARA AGUA LIMPIA PN 230 PSI Ø 2" | L25: UND
B26: I. EQUIPO
B29: DESCRIPCIÓN | G29: MARCA | I29: TIPO | K29: TARIFA/HORA | L29: RENDIMIENTO | N29: Vr. UNITARIO
B30: HERRAMIENTA Y EQUIPO MENOR (%M.O.) | K30: 80660.2 | L30: 0.05 | N30: =K30*L30 -> 4033.01 | P30: NOTA: APU ELABORADO A ARTIR DE 4.04.27
B33: SUBTOTAL $ | N33: =ROUND(SUM(N30:N32),2) -> 4033.01
B34: II. MATERIALES
B37: DESCRIPCIÓN | J37: UNIDAD | K37: CANTIDAD | L37: PRECIO UNIT. | N37: Vr. UNITARIO
B38: MACROMEDIDORES 2" | J38: UND | K38: 1 | L38: ='Listadio de Materiales'!C11 -> 780279.83 | N38: =L38*K38 -> 780279.83
B39: BRIDAS HD 2" | J39: GL | K39: 2 | L39: ='Listadio de Materiales'!C17 -> 40579.726 | N39: =L39*K39 -> 81159.452
B40: EMPAQUE NEOLITEL 2" | J40: GL | K40: 2 | L40: ='Listadio de Materiales'!C34 -> 13385.34 | N40: =L40*K40 -> 26770.68
B41: SUBTOTAL $ | N41: =ROUND(SUM(N38:N40),2) -> 888209.96
B42: III. TRANSPORTES
B45: MATERIAL | I45: VOL. o PESO | J45: DISTANCIA | K45: M3 o Ton/Km | L45: TARIFA | N45: Vr. UNITARIO
B48: SUBTOTAL $ | N48: =SUM(N46:N47) -> 0
B49: IV. MANO DE OBRA
B52: TRABAJADOR | J52: Unidad | K52: Vr. Unitario | L52: Cantidad | N52: Valor parcial
B53: CUADRILLA DE INSTALACIÓNES (BB) | J53: HC | K53: 35069.63 | L53: 2.3 | N53: =K53*L53 -> 80660.149
N54: =K54*L54 -> 0
B57: SUBTOTAL $ | N57: =ROUND(SUM(N53:N56),2) -> 80660.15
B59: TOTAL COSTO DIRECTO $ | N59: =N33+N41+N48+N57 -> 972903.12
B60: V. COSTOS INDIRECTOS
B63: Descripción | K63: Porcentaje | L63: Valor Total
B64: ADMINISTRACION | K64: 0.23 | N64: =$N$59*K64 -> 223767.72
B65: IMPREVISTOS | K65: 0.02 | N65: =$N$59*K65 -> 19458.062
B66: UTILIDAD | K66: 0.05 | N66: =$N$59*K66 -> 48645.156
B67: SUBTOTAL $ | N67: =ROUND(SUM(N64:N66),2) -> 291870.94
B69: Precio Unitario Total Aproximado al peso $ | N69: =ROUND(N59+N67,2) -> 1264774.1
G73: Firma
G74: Nombre: JUAN CARLOS PEREZ MESA
G75: Secretario fomento economico y servicios publicos
G76: Matricula No. :
B78: OBSERVACIONES INTERVENTORÍA
B82: APROBACIÓN POR INTERVENTORÍA
B83: Nota 1: Cuando se trate de Análisis de precios unitarios correspondientes a ítems de la propuesta económica aprobada, el Interventor aprueba el desglose de los componentes manteniendo el mismo precio unitario de cada ítem, cumpliendo con las especificaciones de construcción vigentes para el proyecto.
B85: Nota 2: Cuando se trate de Análisis de precios unitarios de ítems no previstos, el Interventor aprueba el desglose y precio unitario de cada ítem no previsto, exigiendo la aplicación de los costos correspondientes a insumos y tarifas de la propuesta económica inicial cuando estén contemplados, cumpliendo con las especificaciones de construcción vigente para el proyecto.
G88: Firma
G89: Nombre:
G90: Representante Legal del Interventor o su Apoderado
G91: Matricula No. :

Sheet APU 1.10
B3: Formulario 1 - Propuesta económica - Documento tipo de licitación de obra pública de agua potable y saneamiento básico
B4: Código | C4: CCE-EICP-FM-47 | D4: Versión | E4: 1
B6: [La entidad podrá utilizar este formato, o el establecido por la entidad, para la presentación de los análisis de precios unitarios del contratista en la oportunidad prevista en el numeral 8.1. del Documento Base]
C9: ALCALDIA DE TUNJA
K10: VERSIÓN
C11: [NÚMERO DEL PROCESO]
K12: PÁGINA | L12: 1 | M12: DE | N12: 1
C14: ANALISIS DE PRECIOS UNITARIOS
K16: FECHA | L16: DD | M16: MM | N16: AA
B18: ÍTEMS DE LA PROPUESTA ECONÓMICA
B22: DATOS ESPECÍFICOS
B24: ÍTEM | C24: DESCRIPCIÓN | L24: UNIDAD | N24: CANTIDAD
B25: 1.10 | C25: SUMINISTRO E INSTALACIÓN DE MACROMEDIDORES PARA AGUA LIMPIA PN 230 PSI Ø 3" | L25: UND
B26: I. EQUIPO
B29: DESCRIPCIÓN | G29: MARCA | I29: TIPO | K29: TARIFA/HORA | L29: RENDIMIENTO | N29: Vr. UNITARIO
B30: HERRAMIENTA Y EQUIPO MENOR (%M.O.) | K30: 80660.2 | L30: 0.05 | N30: =K30*L30 -> 4033.01 | P30: NOTA: APU ELABORADO A ARTIR DE 4.04.27
B33: SUBTOTAL $ | N33: =ROUND(SUM(N30:N32),2) -> 4033.01
B34: II. MATERIALES
B37: DESCRIPCIÓN | J37: UNIDAD | K37: CANTIDAD | L37: PRECIO UNIT. | N37: Vr. UNITARIO
B38: MACROMEDIDORES 3" | J38: UND | K38: 1 | L38: ='Listadio de Materiales'!C12 -> 936604.97 | N38: =L38*K38 -> 936604.97
B39: BRIDAS HD 3" | J39: GL | K39: 2 | L39: ='Listadio de Materiales'!C18 -> 55756.007 | N39: =L39*K39 -> 111512.01
B40: EMPAQUE NEOLITEL 3" | J40: GL | K40: 2 | L40: ='Listadio de Materiales'!C33 -> 14903.213 | N40: =L40*K40 -> 29806.427
B41: SUBTOTAL $ | N41: =ROUND(SUM(N38:N40),2) -> 1077923.4
B42: III. TRANSPORTES
B45: MATERIAL | I45: VOL. o PESO | J45: DISTANCIA | K45: M3 o Ton/Km | L45: TARIFA | N45: Vr. UNITARIO
B48: SUBTOTAL $ | N48: =SUM(N46:N47) -> 0
B49: IV. MANO DE OBRA
B52: TRABAJADOR | J52: Unidad | K52: Vr. Unitario | L52: Cantidad | N52: Valor parcial
B53: CUADRILLA DE INSTALACIÓNES (BB) | J53: HC | K53: 35069.63 | L53: 2.3 | N53: =K53*L53 -> 80660.149
N54: =K54*L54 -> 0
B57: SUBTOTAL $ | N57: =ROUND(SUM(N53:N56),2) -> 80660.15
B59: TOTAL COSTO DIRECTO $ | N59: =N33+N41+N48+N57 -> 1162616.6
B60: V. COSTOS INDIRECTOS
B63: Descripción | K63: Porcentaje | L63: Valor Total
B64: ADMINISTRACION | K64: 0.23 | N64: =$N$59*K64 -> 267401.81
B65: IMPREVISTOS | K65: 0.02 | N65: =$N$59*K65 -> 23252.331
B66: UTILIDAD | K66: 0.05 | N66: =$N$59*K66 -> 58130.828
B67: SUBTOTAL $ | N67: =ROUND(SUM(N64:N66),2) -> 348784.97
B69: Precio Unitario Total Aproximado al peso $ | N69: =ROUND(N59+N67,2) -> 1511401.5
G73: Firma
G74: Nombre: JUAN CARLOS PEREZ MESA
G75: Secretario fomento economico y servicios publicos
G76: Matricula No. :
B78: OBSERVACIONES INTERVENTORÍA
B82: APROBACIÓN POR INTERVENTORÍA
B83: Nota 1: Cuando se trate de Análisis de precios unitarios correspondientes a ítems de la propuesta económica aprobada, el Interventor aprueba el desglose de los componentes manteniendo el mismo precio unitario de cada ítem, cumpliendo con las especificaciones de construcción vigentes para el proyecto.
B85: Nota 2: Cuando se trate de Análisis de precios unitarios de ítems no previstos, el Interventor aprueba el desglose y precio unitario de cada ítem no previsto, exigiendo la aplicación de los costos correspondientes a insumos y tarifas de la propuesta económica inicial cuando estén contemplados, cumpliendo con las especificaciones de construcción vigente para el proyecto.
G88: Firma
G89: Nombre:
G90: Representante Legal del Interventor o su Apoderado
G91: Matricula No. :

Sheet APU 2.1.2 
B3: Formulario 1 - Propuesta económica - Documento tipo de licitación de obra pública de agua potable y saneamiento básico
B4: Código | C4: CCE-EICP-FM-47 | D4: Versión | E4: 1
B6: [La entidad podrá utilizar este formato, o el establecido por la entidad, para la presentación de los análisis de precios unitarios del contratista en la oportunidad prevista en el numeral 8.1. del Documento Base]
C9: ALCALDIA DE TUNJA
K10: VERSIÓN
C11: [NÚMERO DEL PROCESO]
K12: PÁGINA | L12: 1 | M12: DE | N12: 1
C14: ANALISIS DE PRECIOS UNITARIOS
K16: FECHA | L16: DD | M16: MM | N16: AA
B18: ÍTEMS DE LA PROPUESTA ECONÓMICA
B22: DATOS ESPECÍFICOS
B24: ÍTEM | C24: DESCRIPCIÓN | L24: UNIDAD | N24: CANTIDAD
B25: 2.1.2 | C25: ='PRESUPUESTO OFICIAL'!C28 -> IMPERMEABILIZACIÓN CON MEMBRANA PVC SIKAPLAN 12 NTR PARA TANQUES ALMACENAMIENTO | L25: M2
B26: I. EQUIPO
B29: DESCRIPCIÓN | G29: MARCA | I29: TIPO | K29: TARIFA/HORA | L29: RENDIMIENTO | N29: Vr. UNITARIO
B30: HERRAMIENTA Y EQUIPO MENOR (%M.O.) | K30: 20457.28 | L30: 0.05 | N30: =K30*L30 -> 1022.864 | P30: NOTA: APU ELABORADO A ARTIR DE 1.03.07
B33: SUBTOTAL $ | N33: =ROUND(SUM(N30:N32),2) -> 1022.86
B34: II. MATERIALES
B37: DESCRIPCIÓN | J37: UNIDAD | K37: CANTIDAD | L37: PRECIO UNIT. | N37: Vr. UNITARIO
B38: MEMBRANA PVC SIKAPLAN | J38: UND | K38: 1 | L38: ='Listadio de Materiales'!C15 -> 88205.329 | N38: =L38*K38 -> 88205.329
B39: RODILLO DE FELPA 9" | J39: GL | K39: 2 | L39: ='Listadio de Materiales'!C16 -> 13530 | N39: =L39*K39 -> 27060
B41: SUBTOTAL $ | N41: =ROUND(SUM(N38:N40),2) -> 115265.33
B42: III. TRANSPORTES
B45: MATERIAL | I45: VOL. o PESO | J45: DISTANCIA | K45: M3 o Ton/Km | L45: TARIFA | N45: Vr. UNITARIO
B48: SUBTOTAL $ | N48: =SUM(N46:N47) -> 0
B49: IV. MANO DE OBRA
B52: TRABAJADOR | J52: Unidad | K52: Vr. Unitario | L52: Cantidad | N52: Valor parcial
B53: CUADRILLA DE ALBAÑILERIA (AA) | J53: HC | K53: 29224.69 | L53: 0.7 | N53: =K53*L53 -> 20457.283
N54: =K54*L54 -> 0
B57: SUBTOTAL $ | N57: =ROUND(SUM(N53:N56),2) -> 20457.28
B59: TOTAL COSTO DIRECTO $ | N59: =N33+N41+N48+N57 -> 136745.47
B60: V. COSTOS INDIRECTOS
B63: Descripción | K63: Porcentaje | L63: Valor Total
B64: ADMINISTRACION | K64: 0.23 | N64: =$N$59*K64 -> 31451.458
B65: IMPREVISTOS | K65: 0.02 | N65: =$N$59*K65 -> 2734.9094
B66: UTILIDAD | K66: 0.05 | N66: =$N$59*K66 -> 6837.2735
B67: SUBTOTAL $ | N67: =ROUND(SUM(N64:N66),2) -> 41023.64
B69: Precio Unitario Total Aproximado al peso $ | N69: =ROUND(N59+N67,2) -> 177769.11
G73: Firma
G74: Nombre: JUAN CARLOS PEREZ MESA
G75: Secretario fomento economico y servicios publicos
G76: Matricula No. :
B78: OBSERVACIONES INTERVENTORÍA
B82: APROBACIÓN POR INTERVENTORÍA
B83: Nota 1: Cuando se trate de Análisis de precios unitarios correspondientes a ítems de la propuesta económica aprobada, el Interventor aprueba el desglose de los componentes manteniendo el mismo precio unitario de cada ítem, cumpliendo con las especificaciones de construcción vigentes para el proyecto.
B85: Nota 2: Cuando se trate de Análisis de precios unitarios de ítems no previstos, el Interventor aprueba el desglose y precio unitario de cada ítem no previsto, exigiendo la aplicación de los costos correspondientes a insumos y tarifas de la propuesta económica inicial cuando estén contemplados, cumpliendo con las especificaciones de construcción vigente para el proyecto.
G88: Firma
G89: Nombre:
G90: Representante Legal del Interventor o su Apoderado
G91: Matricula No. :

Sheet APU 2.1.3
B3: Formulario 1 - Propuesta económica - Documento tipo de licitación de obra pública de agua potable y saneamiento básico
B4: Código | C4: CCE-EICP-FM-47 | D4: Versión | E4: 1
B6: [La entidad podrá utilizar este formato, o el establecido por la entidad, para la presentación de los análisis de precios unitarios del contratista en la oportunidad prevista en el numeral 8.1. del Documento Base]
C9: ALCALDIA DE TUNJA
K10: VERSIÓN
C11: [NÚMERO DEL PROCESO]
K12: PÁGINA | L12: 1 | M12: DE | N12: 1
C14: ANALISIS DE PRECIOS UNITARIOS
K16: FECHA | L16: DD | M16: MM | N16: AA
B18: ÍTEMS DE LA PROPUESTA ECONÓMICA
B22: DATOS ESPECÍFICOS
B24: ÍTEM | C24: DESCRIPCIÓN | L24: UNIDAD | N24: CANTIDAD
B25: 2.1.3 | C25: ='PRESUPUESTO OFICIAL'!C29 -> RETIRO DE LODOS, LIMPIEZA Y MANEJO DEL AGUA DEL TANQUES ALMACENAMIENTO. | L25: M2
B26: I. EQUIPO
B29: DESCRIPCIÓN | G29: MARCA | I29: TIPO | K29: TARIFA/HORA | L29: RENDIMIENTO | N29: Vr. UNITARIO
B30: HERRAMIENTA Y EQUIPO MENOR (%M.O.) | K30: 10801.45 | L30: 0.05 | N30: =K30*L30 -> 540.0725 | P30: NOTA: APU ELABORADO A ARTIR DE 2.18.18
B31: HIDROLAVADORA | K31: ='Listadio de Materiales'!C49 -> 71893.333 | L31: 1 | N31: =K31*L31 -> 71893.333
B33: SUBTOTAL $ | N33: =ROUND(SUM(N30:N32),2) -> 72433.41
B34: II. MATERIALES
B37: DESCRIPCIÓN | J37: UNIDAD | K37: CANTIDAD | L37: PRECIO UNIT. | N37: Vr. UNITARIO
B38: AGUA | J38: Lt | K38: 2000 | L38: 3.65 | N38: =L38*K38 -> 7300
B41: SUBTOTAL $ | N41: =ROUND(SUM(N38:N40),2) -> 7300
B42: III. TRANSPORTES
B45: MATERIAL | I45: VOL. o PESO | J45: DISTANCIA | K45: M3 o Ton/Km | L45: TARIFA | N45: Vr. UNITARIO
B46: VOLQUETA | I46: M3 | J46: 5KM | K46: 1.3 | L46: 10464 | N46: =L46*K46 -> 13603.2
B48: SUBTOTAL $ | N48: =SUM(N46:N47) -> 13603.2
B49: IV. MANO DE OBRA
B52: TRABAJADOR | J52: Unidad | K52: Vr. Unitario | L52: Cantidad | N52: Valor parcial
B53: CUADRILLA DE PINTURAS Y ESTUCOS (CC) | J53: HC | K53: 49097.48 | L53: 0.5 | N53: =K53*L53 -> 24548.74
N54: =K54*L54 -> 0
B57: SUBTOTAL $ | N57: =ROUND(SUM(N53:N56),2) -> 24548.74
B59: TOTAL COSTO DIRECTO $ | N59: =N33+N41+N48+N57 -> 117885.35
B60: V. COSTOS INDIRECTOS
B63: Descripción | K63: Porcentaje | L63: Valor Total
B64: ADMINISTRACION | K64: 0.23 | N64: =$N$59*K64 -> 27113.631
B65: IMPREVISTOS | K65: 0.02 | N65: =$N$59*K65 -> 2357.707
B66: UTILIDAD | K66: 0.05 | N66: =$N$59*K66 -> 5894.2675
B67: SUBTOTAL $ | N67: =ROUND(SUM(N64:N66),2) -> 35365.61
B69: Precio Unitario Total Aproximado al peso $ | N69: =ROUND(N59+N67,2) -> 153250.96
G73: Firma
G74: Nombre: JUAN CARLOS PEREZ MESA
G75: Secretario fomento economico y servicios publicos
G76: Matricula No. :
B78: OBSERVACIONES INTERVENTORÍA
B82: APROBACIÓN POR INTERVENTORÍA
B83: Nota 1: Cuando se trate de Análisis de precios unitarios correspondientes a ítems de la propuesta económica aprobada, el Interventor aprueba el desglose de los componentes manteniendo el mismo precio unitario de cada ítem, cumpliendo con las especificaciones de construcción vigentes para el proyecto.
B85: Nota 2: Cuando se trate de Análisis de precios unitarios de ítems no previstos, el Interventor aprueba el desglose y precio unitario de cada ítem no previsto, exigiendo la aplicación de los costos correspondientes a insumos y tarifas de la propuesta económica inicial cuando estén contemplados, cumpliendo con las especificaciones de construcción vigente para el proyecto.
G88: Firma
G89: Nombre:
G90: Representante Legal del Interventor o su Apoderado
G91: Matricula No. :

Sheet APU 3.3 
B3: Formulario 1 - Propuesta económica - Documento tipo de licitación de obra pública de agua potable y saneamiento básico
B4: Código | C4: CCE-EICP-FM-47 | D4: Versión | E4: 1
B6: [La entidad podrá utilizar este formato, o el establecido por la entidad, para la presentación de los análisis de precios unitarios del contratista en la oportunidad prevista en el numeral 8.1. del Documento Base]
C9: ALCALDIA DE TUNJA
K10: VERSIÓN
C11: [NÚMERO DEL PROCESO]
K12: PÁGINA | L12: 1 | M12: DE | N12: 1
C14: ANALISIS DE PRECIOS UNITARIOS
K16: FECHA | L16: DD | M16: MM | N16: AA
B18: ÍTEMS DE LA PROPUESTA ECONÓMICA
B22: DATOS ESPECÍFICOS
B24: ÍTEM | C24: DESCRIPCIÓN | L24: UNIDAD | N24: CANTIDAD
B25: 3.3 | C25: EXCAVACION MECANICA COMPRESOR MATERIAL ROCA | L25: M3
B26: I. EQUIPO
B29: DESCRIPCIÓN | G29: MARCA | I29: TIPO | K29: TARIFA/HORA | L29: RENDIMIENTO | N29: Vr. UNITARIO
B30: HERRAMIENTA Y EQUIPO MENOR (%M.O.) | K30: 70139.26 | L30: 0.05 | N30: =K30*L30 -> 3506.963 | P30: NOTA: APU ELABORADO A ARTIR DE 3.02.04
B31: COMPRESOR DE CAPACIDAD PARA DOS MARTILLOS NEUMÁTICOS (INCLUYE MERTILLOS) | K31: 115181 | L31: 0.1 | N31: =K31*L31 -> 11518.1
B33: SUBTOTAL $ | N33: =ROUND(SUM(N30:N32),2) -> 15025.06
B34: II. MATERIALES
B37: DESCRIPCIÓN | J37: UNIDAD | K37: CANTIDAD | L37: PRECIO UNIT. | N37: Vr. UNITARIO
N39: =L39*K39 -> 0
B41: SUBTOTAL $ | N41: =ROUND(SUM(N38:N40),2) -> 0
B42: III. TRANSPORTES
B45: MATERIAL | I45: VOL. o PESO | J45: DISTANCIA | K45: M3 o Ton/Km | L45: TARIFA | N45: Vr. UNITARIO
N46: =L46*K46 -> 0
B48: SUBTOTAL $ | N48: =SUM(N46:N47) -> 0
B49: IV. MANO DE OBRA
B52: TRABAJADOR | J52: Unidad | K52: Vr. Unitario | L52: Cantidad | N52: Valor parcial
B53: CUADRILLA DE ALBAÑILERIA (AA) | J53: HC | K53: 29224.69 | L53: 1 | N53: =K53*L53 -> 29224.69 | O53: NOTA: APU ELABORADO A ARTIR DE 3.02.05
N54: =K54*L54 -> 0
B57: SUBTOTAL $ | N57: =ROUND(SUM(N53:N56),2) -> 29224.69
B59: TOTAL COSTO DIRECTO $ | N59: =N33+N41+N48+N57 -> 44249.75
B60: V. COSTOS INDIRECTOS
B63: Descripción | K63: Porcentaje | L63: Valor Total
B64: ADMINISTRACION | K64: 0.23 | N64: =$N$59*K64 -> 10177.443
B65: IMPREVISTOS | K65: 0.02 | N65: =$N$59*K65 -> 884.995
B66: UTILIDAD | K66: 0.05 | N66: =$N$59*K66 -> 2212.4875
B67: SUBTOTAL $ | N67: =ROUND(SUM(N64:N66),2) -> 13274.93
B69: Precio Unitario Total Aproximado al peso $ | N69: =ROUND(N59+N67,2) -> 57524.68
G73: Firma
G74: Nombre: JUAN CARLOS PEREZ MESA
G75: Secretario fomento economico y servicios publicos
G76: Matricula No. :
B78: OBSERVACIONES INTERVENTORÍA
B82: APROBACIÓN POR INTERVENTORÍA
B83: Nota 1: Cuando se trate de Análisis de precios unitarios correspondientes a ítems de la propuesta económica aprobada, el Interventor aprueba el desglose de los componentes manteniendo el mismo precio unitario de cada ítem, cumpliendo con las especificaciones de construcción vigentes para el proyecto.
B85: Nota 2: Cuando se trate de Análisis de precios unitarios de ítems no previstos, el Interventor aprueba el desglose y precio unitario de cada ítem no previsto, exigiendo la aplicación de los costos correspondientes a insumos y tarifas de la propuesta económica inicial cuando estén contemplados, cumpliendo con las especificaciones de construcción vigente para el proyecto.
G88: Firma
G89: Nombre:
G90: Representante Legal del Interventor o su Apoderado
G91: Matricula No. :

Sheet APU4.1
B3: Formulario 1 - Propuesta económica - Documento tipo de licitación de obra pública de agua potable y saneamiento básico
B4: Código | C4: CCE-EICP-FM-47 | D4: Versión | E4: 1
B6: [La entidad podrá utilizar este formato, o el establecido por la entidad, para la presentación de los análisis de precios unitarios del contratista en la oportunidad prevista en el numeral 8.1. del Documento Base]
C9: ALCALDIA DE TUNJA
K10: VERSIÓN
C11: [NÚMERO DEL PROCESO]
K12: PÁGINA | L12: 1 | M12: DE | N12: 1
C14: ANALISIS DE PRECIOS UNITARIOS
K16: FECHA | L16: DD | M16: MM | N16: AA
B18: ÍTEMS DE LA PROPUESTA ECONÓMICA
B22: DATOS ESPECÍFICOS
B24: ÍTEM | C24: DESCRIPCIÓN | L24: UNIDAD | N24: CANTIDAD
B25: 4.1 | C25: ACOMETIDA DE 2" PEAD A 1/2" PEAD INCLUYE TUBERÍA PF + UAD 1/2", REGISTRO DE CORTE, SILLETA DERIVACIÓN Y ACCESORIOS COMPLEMENTARIOS PARA SU CONEXIÓN. | L25: UND
B26: I. EQUIPO
B29: DESCRIPCIÓN | G29: MARCA | I29: TIPO | K29: TARIFA/HORA | L29: RENDIMIENTO | N29: Vr. UNITARIO
B30: HERRAMIENTA Y EQUIPO MENOR (%M.O.) | K30: 45591 | L30: 0.05 | N30: =K30*L30 -> 2279.55 | P30: NOTA: APU ELABORADO A ARTIR DE 4.01.33
B33: SUBTOTAL $ | N33: =ROUND(SUM(N30:N32),2) -> 2279.55
B34: II. MATERIALES
B37: DESCRIPCIÓN | J37: UNIDAD | K37: CANTIDAD | L37: PRECIO UNIT. | N37: Vr. UNITARIO
B38: SILLETA DE DERIVACION 2" A 1/2" | J38: UND | K38: 1 | L38: ='Listadio de Materiales'!C37 -> 18582.247 | N38: =L38*K38 -> 18582.247
B39: REJISTRO DE CORTE 1/2" | J39: UND | K39: 1 | L39: ='Listadio de Materiales'!C40 -> 29430.8 | N39: =L39*K39 -> 29430.8
B40: REGISTRO DE INCORPORACION | J40: ML | K40: 1 | L40: ='Listadio de Materiales'!C39 -> 23895.647 | N40: =L40*K40 -> 23895.647
B41: TUBERÍA PE-AL-PE 1216 O 1/2" | J41: ML | K41: 6 | L41: ='Listadio de Materiales'!C41 -> 3250 | N41: =L41*K41 -> 19500
B44: SUBTOTAL $ | N44: =ROUND(SUM(N38:N43),2) -> 91408.69
B45: III. TRANSPORTES
B48: MATERIAL | I48: VOL. o PESO | J48: DISTANCIA | K48: M3 o Ton/Km | L48: TARIFA | N48: Vr. UNITARIO
N49: =L49*K49 -> 0
B51: SUBTOTAL $ | N51: =SUM(N49:N50) -> 0
B52: IV. MANO DE OBRA
B55: TRABAJADOR | J55: Unidad | K55: Vr. Unitario | L55: Cantidad | N55: Valor parcial
B56: CUADRILLA DE INSTALACIÓNES (BB) | J56: HC | K56: 35069.63 | L56: 1.3 | N56: =K56*L56 -> 45590.519
N57: =K57*L57 -> 0
B60: SUBTOTAL $ | N60: =ROUND(SUM(N56:N59),2) -> 45590.52
B62: TOTAL COSTO DIRECTO $ | N62: =N33+N44+N51+N60 -> 139278.76
B63: V. COSTOS INDIRECTOS
B66: Descripción | K66: Porcentaje | L66: Valor Total
B67: ADMINISTRACION | K67: 0.23 | N67: =$N$62*K67 -> 32034.115
B68: IMPREVISTOS | K68: 0.02 | N68: =$N$62*K68 -> 2785.5752
B69: UTILIDAD | K69: 0.05 | N69: =$N$62*K69 -> 6963.938
B70: SUBTOTAL $ | N70: =ROUND(SUM(N67:N69),2) -> 41783.63
B72: Precio Unitario Total Aproximado al peso $ | N72: =ROUND(N62+N70,2) -> 181062.39
G76: Firma
G77: Nombre: JUAN CARLOS PEREZ MESA
G78: Secretario fomento economico y servicios publicos
G79: Matricula No. :
B81: OBSERVACIONES INTERVENTORÍA
B85: APROBACIÓN POR INTERVENTORÍA
B86: Nota 1: Cuando se trate de Análisis de precios unitarios correspondientes a ítems de la propuesta económica aprobada, el Interventor aprueba el desglose de los componentes manteniendo el mismo precio unitario de cada ítem, cumpliendo con las especificaciones de construcción vigentes para el proyecto.
B88: Nota 2: Cuando se trate de Análisis de precios unitarios de ítems no previstos, el Interventor aprueba el desglose y precio unitario de cada ítem no previsto, exigiendo la aplicación de los costos correspondientes a insumos y tarifas de la propuesta económica inicial cuando estén contemplados, cumpliendo con las especificaciones de construcción vigente para el proyecto.
G91: Firma
G92: Nombre:
G93: Representante Legal del Interventor o su Apoderado
G94: Matricula No. :

Sheet APU 4.2
B3: Formulario 1 - Propuesta económica - Documento tipo de licitación de obra pública de agua potable y saneamiento básico
B4: Código | C4: CCE-EICP-FM-47 | D4: Versión | E4: 1
B6: [La entidad podrá utilizar este formato, o el establecido por la entidad, para la presentación de los análisis de precios unitarios del contratista en la oportunidad prevista en el numeral 8.1. del Documento Base]
C9: ALCALDIA DE TUNJA
K10: VERSIÓN
C11: [NÚMERO DEL PROCESO]
K12: PÁGINA | L12: 1 | M12: DE | N12: 1
C14: ANALISIS DE PRECIOS UNITARIOS
K16: FECHA | L16: DD | M16: MM | N16: AA
B18: ÍTEMS DE LA PROPUESTA ECONÓMICA
B22: DATOS ESPECÍFICOS
B24: ÍTEM | C24: DESCRIPCIÓN | L24: UNIDAD | N24: CANTIDAD
B25: 4.2 | C25: DERIVACION 2" PEAD A 2" PVC (INCLUYE TODOS LOS ACCESORIOS) | L25: UND
B26: I. EQUIPO
B29: DESCRIPCIÓN | G29: MARCA | I29: TIPO | K29: TARIFA/HORA | L29: RENDIMIENTO | N29: Vr. UNITARIO
B30: HERRAMIENTA Y EQUIPO MENOR (%M.O.) | K30: 45591 | L30: 0.05 | N30: =K30*L30 -> 2279.55 | P30: NOTA: APU ELABORADO A ARTIR DE 4.04.33
B33: SUBTOTAL $ | N33: =ROUND(SUM(N30:N32),2) -> 2279.55
B34: II. MATERIALES
B37: DESCRIPCIÓN | J37: UNIDAD | K37: CANTIDAD | L37: PRECIO UNIT. | N37: Vr. UNITARIO
B38: BRIDAS HD 2" | J38: UND | K38: 1 | L38: ='Listadio de Materiales'!C29 -> 40579.726 | N38: =L38*K38 -> 40579.726
B39: BRIDAS UNION UNIVERSAL 2" | J39: UND | K39: 1 | L39: ='Listadio de Materiales'!C30 -> 131987.28 | N39: =L39*K39 -> 131987.28
B40: EMPAQUE NEOLITEL 2" | J40: UND | K40: 1 | L40: ='Listadio de Materiales'!C34 -> 13385.34 | N40: =L40*K40 -> 13385.34
B41: TORNILLOS PARA BRIDAS 2" 3" 4" 6" O 8" | J41: UND | K41: 6 | L41: ='Listadio de Materiales'!C42 -> 7235.5967 | N41: =L41*K41 -> 43413.58
B44: SUBTOTAL $ | N44: =ROUND(SUM(N38:N43),2) -> 229365.93
B45: III. TRANSPORTES
B48: MATERIAL | I48: VOL. o PESO | J48: DISTANCIA | K48: M3 o Ton/Km | L48: TARIFA | N48: Vr. UNITARIO
N49: =L49*K49 -> 0
B51: SUBTOTAL $ | N51: =SUM(N49:N50) -> 0
B52: IV. MANO DE OBRA
B55: TRABAJADOR | J55: Unidad | K55: Vr. Unitario | L55: Cantidad | N55: Valor parcial
B56: CUADRILLA DE INSTALACIÓNES (BB) | J56: HC | K56: 35069.63 | L56: 1 | N56: =K56*L56 -> 35069.63
N57: =K57*L57 -> 0
B60: SUBTOTAL $ | N60: =ROUND(SUM(N56:N59),2) -> 35069.63
B62: TOTAL COSTO DIRECTO $ | N62: =N33+N44+N51+N60 -> 266715.11
B63: V. COSTOS INDIRECTOS
B66: Descripción | K66: Porcentaje | L66: Valor Total
B67: ADMINISTRACION | K67: 0.23 | N67: =$N$62*K67 -> 61344.475
B68: IMPREVISTOS | K68: 0.02 | N68: =$N$62*K68 -> 5334.3022
B69: UTILIDAD | K69: 0.05 | N69: =$N$62*K69 -> 13335.755
B70: SUBTOTAL $ | N70: =ROUND(SUM(N67:N69),2) -> 80014.53
B72: Precio Unitario Total Aproximado al peso $ | N72: =ROUND(N62+N70,2) -> 346729.64
G76: Firma
G77: Nombre: JUAN CARLOS PEREZ MESA
G78: Secretario fomento economico y servicios publicos
G79: Matricula No. :
B81: OBSERVACIONES INTERVENTORÍA
B85: APROBACIÓN POR INTERVENTORÍA
B86: Nota 1: Cuando se trate de Análisis de precios unitarios correspondientes a ítems de la propuesta económica aprobada, el Interventor aprueba el desglose de los componentes manteniendo el mismo precio unitario de cada ítem, cumpliendo con las especificaciones de construcción vigentes para el proyecto.
B88: Nota 2: Cuando se trate de Análisis de precios unitarios de ítems no previstos, el Interventor aprueba el desglose y precio unitario de cada ítem no previsto, exigiendo la aplicación de los costos correspondientes a insumos y tarifas de la propuesta económica inicial cuando estén contemplados, cumpliendo con las especificaciones de construcción vigente para el proyecto.
G91: Firma
G92: Nombre:
G93: Representante Legal del Interventor o su Apoderado
G94: Matricula No. :

Sheet APU 4.3
B3: Formulario 1 - Propuesta económica - Documento tipo de licitación de obra pública de agua potable y saneamiento básico
B4: Código | C4: CCE-EICP-FM-47 | D4: Versión | E4: 1
B6: [La entidad podrá utilizar este formato, o el establecido por la entidad, para la presentación de los análisis de precios unitarios del contratista en la oportunidad prevista en el numeral 8.1. del Documento Base]
C9: ALCALDIA DE TUNJA
K10: VERSIÓN
C11: [NÚMERO DEL PROCESO]
K12: PÁGINA | L12: 1 | M12: DE | N12: 1
C14: ANALISIS DE PRECIOS UNITARIOS
K16: FECHA | L16: DD | M16: MM | N16: AA
B18: ÍTEMS DE LA PROPUESTA ECONÓMICA
B22: DATOS ESPECÍFICOS
B24: ÍTEM | C24: DESCRIPCIÓN | L24: UNIDAD | N24: CANTIDAD
B25: 4.3 | C25: SUMINISTRO E INSTALACIÓN VENTOSA DE DOBLE ACCIÓN D=1/2" en HD | L25: UND
B26: I. EQUIPO
B29: DESCRIPCIÓN | G29: MARCA | I29: TIPO | K29: TARIFA/HORA | L29: RENDIMIENTO | N29: Vr. UNITARIO
B30: HERRAMIENTA Y EQUIPO MENOR (%M.O.) | K30: 35070 | L30: 0.05 | N30: =K30*L30 -> 1753.5 | P30: NOTA: APU ELABORADO A ARTIR DE 4.04.31
B33: SUBTOTAL $ | N33: =ROUND(SUM(N30:N32),2) -> 1753.5
B34: II. MATERIALES
B37: DESCRIPCIÓN | J37: UNIDAD | K37: CANTIDAD | L37: PRECIO UNIT. | N37: Vr. UNITARIO
B38: VENTOSA 1/2" HD | J38: UND | K38: 1 | L38: ='Listadio de Materiales'!C8 -> 840643.33 | N38: =L38*K38 -> 840643.33
B39: CINTA TEFLON 10 m 1/2`` | J39: RLL | K39: 0.1 | L39: 1800 | N39: =L39*K39 -> 180
B44: SUBTOTAL $ | N44: =ROUND(SUM(N38:N43),2) -> 840823.33
B45: III. TRANSPORTES
B48: MATERIAL | I48: VOL. o PESO | J48: DISTANCIA | K48: M3 o Ton/Km | L48: TARIFA | N48: Vr. UNITARIO
N49: =L49*K49 -> 0
B51: SUBTOTAL $ | N51: =SUM(N49:N50) -> 0
B52: IV. MANO DE OBRA
B55: TRABAJADOR | J55: Unidad | K55: Vr. Unitario | L55: Cantidad | N55: Valor parcial
B56: CUADRILLA DE INSTALACIÓNES (BB) | J56: HC | K56: 35069.63 | L56: 1 | N56: =K56*L56 -> 35069.63
N57: =K57*L57 -> 0
B60: SUBTOTAL $ | N60: =ROUND(SUM(N56:N59),2) -> 35069.63
B62: TOTAL COSTO DIRECTO $ | N62: =N33+N44+N51+N60 -> 877646.46
B63: V. COSTOS INDIRECTOS
B66: Descripción | K66: Porcentaje | L66: Valor Total
B67: ADMINISTRACION | K67: 0.23 | N67: =$N$62*K67 -> 201858.69
B68: IMPREVISTOS | K68: 0.02 | N68: =$N$62*K68 -> 17552.929
B69: UTILIDAD | K69: 0.05 | N69: =$N$62*K69 -> 43882.323
B70: SUBTOTAL $ | N70: =ROUND(SUM(N67:N69),2) -> 263293.94
B72: Precio Unitario Total Aproximado al peso $ | N72: =ROUND(N62+N70,2) -> 1140940.4
G76: Firma
G77: Nombre: JUAN CARLOS PEREZ MESA
G78: Secretario fomento economico y servicios publicos
G79: Matricula No. :
B81: OBSERVACIONES INTERVENTORÍA
B85: APROBACIÓN POR INTERVENTORÍA
B86: Nota 1: Cuando se trate de Análisis de precios unitarios correspondientes a ítems de la propuesta económica aprobada, el Interventor aprueba el desglose de los componentes manteniendo el mismo precio unitario de cada ítem, cumpliendo con las especificaciones de construcción vigentes para el proyecto.
B88: Nota 2: Cuando se trate de Análisis de precios unitarios de ítems no previstos, el Interventor aprueba el desglose y precio unitario de cada ítem no previsto, exigiendo la aplicación de los costos correspondientes a insumos y tarifas de la propuesta económica inicial cuando estén contemplados, cumpliendo con las especificaciones de construcción vigente para el proyecto.
G91: Firma
G92: Nombre:
G93: Representante Legal del Interventor o su Apoderado
G94: Matricula No. :

Sheet APU4.5
B3: Formulario 1 - Propuesta económica - Documento tipo de licitación de obra pública de agua potable y saneamiento básico
B4: Código | C4: CCE-EICP-FM-47 | D4: Versión | E4: 1
B6: [La entidad podrá utilizar este formato, o el establecido por la entidad, para la presentación de los análisis de precios unitarios del contratista en la oportunidad prevista en el numeral 8.1. del Documento Base]
C9: ALCALDIA DE TUNJA
K10: VERSIÓN
C11: [NÚMERO DEL PROCESO]
K12: PÁGINA | L12: 1 | M12: DE | N12: 1
C14: ANALISIS DE PRECIOS UNITARIOS
K16: FECHA | L16: DD | M16: MM | N16: AA
B18: ÍTEMS DE LA PROPUESTA ECONÓMICA
B22: DATOS ESPECÍFICOS
B24: ÍTEM | C24: DESCRIPCIÓN | L24: UNIDAD | N24: CANTIDAD
B25: 4.5 | C25: ='PRESUPUESTO OFICIAL'!#REF! -> #REF! | L25: UND
B26: I. EQUIPO
B29: DESCRIPCIÓN | G29: MARCA | I29: TIPO | K29: TARIFA/HORA | L29: RENDIMIENTO | N29: Vr. UNITARIO
B30: HERRAMIENTA Y EQUIPO MENOR (%M.O.) | K30: 10520.89 | L30: 0.05 | N30: =K30*L30 -> 526.0445 | P30: NOTA: APU ELABORADO A ARTIR DE 4.03.59
B33: SUBTOTAL $ | N33: =ROUND(SUM(N30:N32),2) -> 526.04
B34: II. MATERIALES
B37: DESCRIPCIÓN | J37: UNIDAD | K37: CANTIDAD | L37: PRECIO UNIT. | N37: Vr. UNITARIO
B38: REDUCCIONES PAD 2" A 1/2" | J38: UND | K38: 1 | L38: ='Listadio de Materiales'!C26 -> 26775.397 | N38: =L38*K38 -> 26775.397
B39: Tuberia PE Æ 50 mm | J39: UND | K39: 0.5 | L39: ='Listadio de Materiales'!C48 -> 11995.597 | N39: =L39*K39 -> 5997.7983
B40: UNION UNIVESAL (3/4") X (1 1/2") | J40: UND | K40: 1 | L40: ='Listadio de Materiales'!C46 -> 6617.6867 | N40: =L40*K40 -> 6617.6867
B45: SUBTOTAL $ | N45: =ROUND(SUM(N38:N44),2) -> 39390.88
B46: III. TRANSPORTES
B49: MATERIAL | I49: VOL. o PESO | J49: DISTANCIA | K49: M3 o Ton/Km | L49: TARIFA | N49: Vr. UNITARIO
N50: =L50*K50 -> 0
B52: SUBTOTAL $ | N52: =SUM(N50:N51) -> 0
B53: IV. MANO DE OBRA
B56: TRABAJADOR | J56: Unidad | K56: Vr. Unitario | L56: Cantidad | N56: Valor parcial
B57: CUADRILLA DE INSTALACIÓNES (BB) | J57: HC | K57: 35069.63 | L57: 0.3 | N57: =K57*L57 -> 10520.889
N58: =K58*L58 -> 0
B61: SUBTOTAL $ | N61: =ROUND(SUM(N57:N60),2) -> 10520.89
B63: TOTAL COSTO DIRECTO $ | N63: =N33+N45+N52+N61 -> 50437.81
B64: V. COSTOS INDIRECTOS
B67: Descripción | K67: Porcentaje | L67: Valor Total
B68: ADMINISTRACION | K68: 0.23 | N68: =$N$63*K68 -> 11600.696
B69: IMPREVISTOS | K69: 0.02 | N69: =$N$63*K69 -> 1008.7562
B70: UTILIDAD | K70: 0.05 | N70: =$N$63*K70 -> 2521.8905
B71: SUBTOTAL $ | N71: =ROUND(SUM(N68:N70),2) -> 15131.34
B73: Precio Unitario Total Aproximado al peso $ | N73: =ROUND(N63+N71,2) -> 65569.15
G77: Firma
G78: Nombre: JUAN CARLOS PEREZ MESA
G79: Secretario fomento economico y servicios publicos
G80: Matricula No. :
B82: OBSERVACIONES INTERVENTORÍA
B86: APROBACIÓN POR INTERVENTORÍA
B87: Nota 1: Cuando se trate de Análisis de precios unitarios correspondientes a ítems de la propuesta económica aprobada, el Interventor aprueba el desglose de los componentes manteniendo el mismo precio unitario de cada ítem, cumpliendo con las especificaciones de construcción vigentes para el proyecto.
B89: Nota 2: Cuando se trate de Análisis de precios unitarios de ítems no previstos, el Interventor aprueba el desglose y precio unitario de cada ítem no previsto, exigiendo la aplicación de los costos correspondientes a insumos y tarifas de la propuesta económica inicial cuando estén contemplados, cumpliendo con las especificaciones de construcción vigente para el proyecto.
G92: Firma
G93: Nombre:
G94: Representante Legal del Interventor o su Apoderado
G95: Matricula No. :

Sheet APU 8.1
A3: Formulario 1 - Propuesta económica - Documento tipo de licitación de obra pública de agua potable y saneamiento básico
A4: Código | B4: CCE-EICP-FM-47 | C4: Versión | D4: 1
A6: [La entidad podrá utilizar este formato, o el establecido por la entidad, para la presentación de los análisis de precios unitarios del contratista en la oportunidad prevista en el numeral 8.1. del Documento Base]
B9: ALCALDIA DE TUNJA
J10: VERSIÓN
B11: [NÚMERO DEL PROCESO]
J12: PÁGINA | K12: 1 | L12: DE | M12: 1
B14: ANALISIS DE PRECIOS UNITARIOS
J16: FECHA | K16: DD | L16: MM | M16: AA
A18: ÍTEMS DE LA PROPUESTA ECONÓMICA
A22: DATOS ESPECÍFICOS
A24: ÍTEM | B24: DESCRIPCIÓN | K24: UNIDAD | M24: CANTIDAD
A25: 8.1 | B25: DERIVACION 2" PEAD A 1/2" PVC (INCLUYE TODOS LOS ACCESORIOS) | K25: UND
A26: I. EQUIPO
A29: DESCRIPCIÓN | F29: MARCA | H29: TIPO | J29: TARIFA/HORA | K29: RENDIMIENTO | M29: Vr. UNITARIO
A30: HERRAMIENTA Y EQUIPO MENOR (%M.O.) | J30: 10521 | K30: 0.05 | M30: =J30*K30 -> 526.05 | O30: NOTA: APU ELABORADO A ARTIR DE 4.03.39
A33: SUBTOTAL $ | M33: =ROUND(SUM(M30:M32),2) -> 526.05
A34: II. MATERIALES
A37: DESCRIPCIÓN | I37: UNIDAD | J37: CANTIDAD | K37: PRECIO UNIT. | M37: Vr. UNITARIO
A38: TEE PAD 2" | I38: UND | J38: 1 | K38: ='Listadio de Materiales'!C19 -> 39102 | M38: =K38*J38 -> 39102
A39: REDUCCIONES PAD 2 A 1" | I39: UND | J39: 1 | K39: ='Listadio de Materiales'!C25 -> 29546.51 | M39: =K39*J39 -> 29546.51
A40: TUBERIA PEAD RDE 11 DE PN16 (63MM) | I40: ML | J40: 0.5 | K40: ='Listadio de Materiales'!C9 -> 17011 | M40: =K40*J40 -> 8505.5
A41: TUBERIA PE (32MM) | I41: UND | J41: 0.5 | K41: ='Listadio de Materiales'!C47 -> 4882.57 | M41: =K41*J41 -> 2441.285
A42: UNION UNIVERSAL (1/2") X(1") | I42: UND | J42: 1 | K42: ='Listadio de Materiales'!C45 -> 4708.8267 | M42: =K42*J42 -> 4708.8267
A44: SUBTOTAL $ | M44: =ROUND(SUM(M38:M43),2) -> 84304.12
A45: III. TRANSPORTES
A48: MATERIAL | H48: VOL. o PESO | I48: DISTANCIA | J48: M3 o Ton/Km | K48: TARIFA | M48: Vr. UNITARIO
M49: =K49*J49 -> 0
A51: SUBTOTAL $ | M51: =SUM(M49:M50) -> 0
A52: IV. MANO DE OBRA
A55: TRABAJADOR | I55: Unidad | J55: Vr. Unitario | K55: Cantidad | M55: Valor parcial
A56: CUADRILLA DE INSTALACIÓNES (BB) | I56: HC | J56: 35069.63 | K56: 0.3 | M56: =J56*K56 -> 10520.889
M57: =J57*K57 -> 0
A60: SUBTOTAL $ | M60: =ROUND(SUM(M56:M59),2) -> 10520.89
A62: TOTAL COSTO DIRECTO $ | M62: =M33+M44+M51+M60 -> 95351.06
A63: V. COSTOS INDIRECTOS
A66: Descripción | J66: Porcentaje | K66: Valor Total
A67: ADMINISTRACION | J67: 0.23 | M67: =$M$62*J67 -> 21930.744
A68: IMPREVISTOS | J68: 0.02 | M68: =$M$62*J68 -> 1907.0212
A69: UTILIDAD | J69: 0.05 | M69: =$M$62*J69 -> 4767.553
A70: SUBTOTAL $ | M70: =ROUND(SUM(M67:M69),2) -> 28605.32
A72: Precio Unitario Total Aproximado al peso $ | M72: =ROUND(M62+M70,2) -> 123956.38
F76: Firma
F77: Nombre: JUAN CARLOS PEREZ MESA
F78: Secretario fomento economico y servicios publicos
F79: Matricula No. :
A81: OBSERVACIONES INTERVENTORÍA
A85: APROBACIÓN POR INTERVENTORÍA
A86: Nota 1: Cuando se trate de Análisis de precios unitarios correspondientes a ítems de la propuesta económica aprobada, el Interventor aprueba el desglose de los componentes manteniendo el mismo precio unitario de cada ítem, cumpliendo con las especificaciones de construcción vigentes para el proyecto.
A88: Nota 2: Cuando se trate de Análisis de precios unitarios de ítems no previstos, el Interventor aprueba el desglose y precio unitario de cada ítem no previsto, exigiendo la aplicación de los costos correspondientes a insumos y tarifas de la propuesta económica inicial cuando estén contemplados, cumpliendo con las especificaciones de construcción vigente para el proyecto.
F91: Firma
F92: Nombre:
F93: Representante Legal del Interventor o su Apoderado
F94: Matricula No. :

Sheet APU 8.2 
B3: Formulario 1 - Propuesta económica - Documento tipo de licitación de obra pública de agua potable y saneamiento básico
B4: Código | C4: CCE-EICP-FM-47 | D4: Versión | E4: 1
B6: [La entidad podrá utilizar este formato, o el establecido por la entidad, para la presentación de los análisis de precios unitarios del contratista en la oportunidad prevista en el numeral 8.1. del Documento Base]
C9: ALCALDIA DE TUNJA
K10: VERSIÓN
C11: [NÚMERO DEL PROCESO]
K12: PÁGINA | L12: 1 | M12: DE | N12: 1
C14: ANALISIS DE PRECIOS UNITARIOS
K16: FECHA | L16: DD | M16: MM | N16: AA
B18: ÍTEMS DE LA PROPUESTA ECONÓMICA
B22: DATOS ESPECÍFICOS
B24: ÍTEM | C24: DESCRIPCIÓN | L24: UNIDAD | N24: CANTIDAD
B25: 8.2 | C25: DERIVACION 2" PEAD A 1/2" PEAD (INCLUYE TODOS LOS ACCESORIOS) | L25: UND
B26: I. EQUIPO
B29: DESCRIPCIÓN | G29: MARCA | I29: TIPO | K29: TARIFA/HORA | L29: RENDIMIENTO | N29: Vr. UNITARIO
B30: HERRAMIENTA Y EQUIPO MENOR (%M.O.) | K30: 35070 | L30: 0.05 | N30: =K30*L30 -> 1753.5 | P30: NOTA: APU ELABORADO A ARTIR DE 4.04.33
B33: SUBTOTAL $ | N33: =ROUND(SUM(N30:N32),2) -> 1753.5
B34: II. MATERIALES
B37: DESCRIPCIÓN | J37: UNIDAD | K37: CANTIDAD | L37: PRECIO UNIT. | N37: Vr. UNITARIO
B38: SILLETA DE DERIVACIÓN2" A 1/2" | J38: UND | K38: 1 | L38: ='Listadio de Materiales'!C37 -> 18582.247 | N38: =L38*K38 -> 18582.247
B39: TUBERÍA PE-AL-PE 1216 O 1/2" | J39: ML | K39: 1 | L39: ='Listadio de Materiales'!C41 -> 3250 | N39: =L39*K39 -> 3250
B44: SUBTOTAL $ | N44: =ROUND(SUM(N38:N43),2) -> 21832.25
B45: III. TRANSPORTES
B48: MATERIAL | I48: VOL. o PESO | J48: DISTANCIA | K48: M3 o Ton/Km | L48: TARIFA | N48: Vr. UNITARIO
N49: =L49*K49 -> 0
B51: SUBTOTAL $ | N51: =SUM(N49:N50) -> 0
B52: IV. MANO DE OBRA
B55: TRABAJADOR | J55: Unidad | K55: Vr. Unitario | L55: Cantidad | N55: Valor parcial
B56: CUADRILLA DE INSTALACIÓNES (BB) | J56: HC | K56: 35069.63 | L56: 1 | N56: =K56*L56 -> 35069.63
N57: =K57*L57 -> 0
B60: SUBTOTAL $ | N60: =ROUND(SUM(N56:N59),2) -> 35069.63
B62: TOTAL COSTO DIRECTO $ | N62: =N33+N44+N51+N60 -> 58655.38
B63: V. COSTOS INDIRECTOS
B66: Descripción | K66: Porcentaje | L66: Valor Total
B67: ADMINISTRACION | K67: 0.23 | N67: =$N$62*K67 -> 13490.737
B68: IMPREVISTOS | K68: 0.02 | N68: =$N$62*K68 -> 1173.1076
B69: UTILIDAD | K69: 0.05 | N69: =$N$62*K69 -> 2932.769
B70: SUBTOTAL $ | N70: =ROUND(SUM(N67:N69),2) -> 17596.61
B72: Precio Unitario Total Aproximado al peso $ | N72: =ROUND(N62+N70,2) -> 76251.99
G76: Firma
G77: Nombre: JUAN CARLOS PEREZ MESA
G78: Secretario fomento economico y servicios publicos
G79: Matricula No. :
B81: OBSERVACIONES INTERVENTORÍA
B85: APROBACIÓN POR INTERVENTORÍA
B86: Nota 1: Cuando se trate de Análisis de precios unitarios correspondientes a ítems de la propuesta económica aprobada, el Interventor aprueba el desglose de los componentes manteniendo el mismo precio unitario de cada ítem, cumpliendo con las especificaciones de construcción vigentes para el proyecto.
B88: Nota 2: Cuando se trate de Análisis de precios unitarios de ítems no previstos, el Interventor aprueba el desglose y precio unitario de cada ítem no previsto, exigiendo la aplicación de los costos correspondientes a insumos y tarifas de la propuesta económica inicial cuando estén contemplados, cumpliendo con las especificaciones de construcción vigente para el proyecto.
G91: Firma
G92: Nombre:
G93: Representante Legal del Interventor o su Apoderado
G94: Matricula No. :

Sheet APU 8.4 
B3: Formulario 1 - Propuesta económica - Documento tipo de licitación de obra pública de agua potable y saneamiento básico
B4: Código | C4: CCE-EICP-FM-47 | D4: Versión | E4: 1
B6: [La entidad podrá utilizar este formato, o el establecido por la entidad, para la presentación de los análisis de precios unitarios del contratista en la oportunidad prevista en el numeral 8.1. del Documento Base]
C9: ALCALDIA DE TUNJA
K10: VERSIÓN
C11: [NÚMERO DEL PROCESO]
K12: PÁGINA | L12: 1 | M12: DE | N12: 1
C14: ANALISIS DE PRECIOS UNITARIOS
K16: FECHA | L16: DD | M16: MM | N16: AA
B18: ÍTEMS DE LA PROPUESTA ECONÓMICA
B22: DATOS ESPECÍFICOS
B24: ÍTEM | C24: DESCRIPCIÓN | L24: UNIDAD | N24: CANTIDAD
B25: 8.4 | C25: UNION 2" PEAD 1/2" PVC (INCLUYE TODOS LOS ACCESORIOS) | L25: UND
B26: I. EQUIPO
B29: DESCRIPCIÓN | G29: MARCA | I29: TIPO | K29: TARIFA/HORA | L29: RENDIMIENTO | N29: Vr. UNITARIO
B30: HERRAMIENTA Y EQUIPO MENOR (%M.O.) | K30: 10520.89 | L30: 0.05 | N30: =K30*L30 -> 526.0445 | P30: NOTA: APU ELABORADO A ARTIR DE 4.03.59
B33: SUBTOTAL $ | N33: =ROUND(SUM(N30:N32),2) -> 526.04
B34: II. MATERIALES
B37: DESCRIPCIÓN | J37: UNIDAD | K37: CANTIDAD | L37: PRECIO UNIT. | N37: Vr. UNITARIO
B38: REDUCCIONES PAD 2" A 1" | J38: UND | K38: 1 | L38: ='Listadio de Materiales'!C25 -> 29546.51 | N38: =L38*K38 -> 29546.51
B39: Tuberia PE Æ 32 mm | J39: ML | K39: 0.5 | L39: ='Listadio de Materiales'!C47 -> 4882.57 | N39: =L39*K39 -> 2441.285
B40: UNION UNIVESAL (1/2") X (1") | J40: UND | K40: 1 | L40: ='Listadio de Materiales'!C45 -> 4708.8267 | N40: =L40*K40 -> 4708.8267
B44: SUBTOTAL $ | N44: =ROUND(SUM(N38:N43),2) -> 36696.62
B45: III. TRANSPORTES
B48: MATERIAL | I48: VOL. o PESO | J48: DISTANCIA | K48: M3 o Ton/Km | L48: TARIFA | N48: Vr. UNITARIO
N49: =L49*K49 -> 0
B51: SUBTOTAL $ | N51: =SUM(N49:N50) -> 0
B52: IV. MANO DE OBRA
B55: TRABAJADOR | J55: Unidad | K55: Vr. Unitario | L55: Cantidad | N55: Valor parcial
B56: CUADRILLA DE INSTALACIÓNES (BB) | J56: HC | K56: 35069.63 | L56: 0.3 | N56: =K56*L56 -> 10520.889
N57: =K57*L57 -> 0
B60: SUBTOTAL $ | N60: =ROUND(SUM(N56:N59),2) -> 10520.89
B62: TOTAL COSTO DIRECTO $ | N62: =N33+N44+N51+N60 -> 47743.55
B63: V. COSTOS INDIRECTOS
B66: Descripción | K66: Porcentaje | L66: Valor Total
B67: ADMINISTRACION | K67: 0.23 | N67: =$N$62*K67 -> 10981.017
B68: IMPREVISTOS | K68: 0.02 | N68: =$N$62*K68 -> 954.871
B69: UTILIDAD | K69: 0.05 | N69: =$N$62*K69 -> 2387.1775
B70: SUBTOTAL $ | N70: =ROUND(SUM(N67:N69),2) -> 14323.07
B72: Precio Unitario Total Aproximado al peso $ | N72: =ROUND(N62+N70,2) -> 62066.62
G76: Firma
G77: Nombre: JUAN CARLOS PEREZ MESA
G78: Secretario fomento economico y servicios publicos
G79: Matricula No. :
B81: OBSERVACIONES INTERVENTORÍA
B85: APROBACIÓN POR INTERVENTORÍA
B86: Nota 1: Cuando se trate de Análisis de precios unitarios correspondientes a ítems de la propuesta económica aprobada, el Interventor aprueba el desglose de los componentes manteniendo el mismo precio unitario de cada ítem, cumpliendo con las especificaciones de construcción vigentes para el proyecto.
B88: Nota 2: Cuando se trate de Análisis de precios unitarios de ítems no previstos, el Interventor aprueba el desglose y precio unitario de cada ítem no previsto, exigiendo la aplicación de los costos correspondientes a insumos y tarifas de la propuesta económica inicial cuando estén contemplados, cumpliendo con las especificaciones de construcción vigente para el proyecto.
G91: Firma
G92: Nombre:
G93: Representante Legal del Interventor o su Apoderado
G94: Matricula No. :

Sheet APU 8.8
B3: Formulario 1 - Propuesta económica - Documento tipo de licitación de obra pública de agua potable y saneamiento básico
B4: Código | C4: CCE-EICP-FM-47 | D4: Versión | E4: 1
B6: [La entidad podrá utilizar este formato, o el establecido por la entidad, para la presentación de los análisis de precios unitarios del contratista en la oportunidad prevista en el numeral 8.1. del Documento Base]
C9: ALCALDIA DE TUNJA
K10: VERSIÓN
C11: [NÚMERO DEL PROCESO]
K12: PÁGINA | L12: 1 | M12: DE | N12: 1
C14: ANALISIS DE PRECIOS UNITARIOS
K16: FECHA | L16: DD | M16: MM | N16: AA
B18: ÍTEMS DE LA PROPUESTA ECONÓMICA
B22: DATOS ESPECÍFICOS
B24: ÍTEM | C24: DESCRIPCIÓN | L24: UNIDAD | N24: CANTIDAD
B25: 8.8 | C25: SUMINISTRO E INSTALACIÓN VÁLVULA DE CONTROL PARA AGUA - (BOLA DE COBRE). (PRESIÓN Y CAUDAL) D = 1 1/2" | L25: UND
B26: I. EQUIPO
B29: DESCRIPCIÓN | G29: MARCA | I29: TIPO | K29: TARIFA/HORA | L29: RENDIMIENTO | N29: Vr. UNITARIO
B30: HERRAMIENTA Y EQUIPO MENOR (%M.O.) | K30: 42084 | L30: 0.05 | N30: =K30*L30 -> 2104.2 | P30: NOTA: APU ELABORADO A ARTIR DE 4.04.21
B33: SUBTOTAL $ | N33: =ROUND(SUM(N30:N32),2) -> 2104.2
B34: II. MATERIALES
B37: DESCRIPCIÓN | J37: UNIDAD | K37: CANTIDAD | L37: PRECIO UNIT. | N37: Vr. UNITARIO
B38: VÁLVULA FLOTADORA EN BRONCE COMPPLETA (BOLA DE COBRE) DE 1-1/2" | J38: UND | K38: 1 | L38: ='Listadio de Materiales'!C13 -> 681010.89 | N38: =L38*K38 -> 681010.89
B39: CINTA TEFLON 10 m 1/2`` | J39: RLL | K39: 0.15 | L39: 1800 | N39: =L39*K39 -> 270
B40: REMOVEDOR PVC (LIMPIADOR) | J40: 1/4 GL | K40: 0.02 | L40: 52600 | N40: =L40*K40 -> 1052
B41: SOLDADURA PVC | J41: 1/4 GL | K41: 0.2 | L41: 64850 | N41: =L41*K41 -> 12970
B44: SUBTOTAL $ | N44: =ROUND(SUM(N38:N43),2) -> 695302.89
B45: III. TRANSPORTES
B48: MATERIAL | I48: VOL. o PESO | J48: DISTANCIA | K48: M3 o Ton/Km | L48: TARIFA | N48: Vr. UNITARIO
N49: =L49*K49 -> 0
B51: SUBTOTAL $ | N51: =SUM(N49:N50) -> 0
B52: IV. MANO DE OBRA
B55: TRABAJADOR | J55: Unidad | K55: Vr. Unitario | L55: Cantidad | N55: Valor parcial
B56: CUADRILLA DE INSTALACIÓNES (BB) | J56: HC | K56: 35069.63 | L56: 1.2 | N56: =K56*L56 -> 42083.556
N57: =K57*L57 -> 0
B60: SUBTOTAL $ | N60: =ROUND(SUM(N56:N59),2) -> 42083.56
B62: TOTAL COSTO DIRECTO $ | N62: =N33+N44+N51+N60 -> 739490.65
B63: V. COSTOS INDIRECTOS
B66: Descripción | K66: Porcentaje | L66: Valor Total
B67: ADMINISTRACION | K67: 0.23 | N67: =$N$62*K67 -> 170082.85
B68: IMPREVISTOS | K68: 0.02 | N68: =$N$62*K68 -> 14789.813
B69: UTILIDAD | K69: 0.05 | N69: =$N$62*K69 -> 36974.532
B70: SUBTOTAL $ | N70: =ROUND(SUM(N67:N69),2) -> 221847.2
B72: Precio Unitario Total Aproximado al peso $ | N72: =ROUND(N62+N70,2) -> 961337.85
G76: Firma
G77: Nombre: JUAN CARLOS PEREZ MESA
G78: Secretario fomento economico y servicios publicos
G79: Matricula No. :
B81: OBSERVACIONES INTERVENTORÍA
B85: APROBACIÓN POR INTERVENTORÍA
B86: Nota 1: Cuando se trate de Análisis de precios unitarios correspondientes a ítems de la propuesta económica aprobada, el Interventor aprueba el desglose de los componentes manteniendo el mismo precio unitario de cada ítem, cumpliendo con las especificaciones de construcción vigentes para el proyecto.
B88: Nota 2: Cuando se trate de Análisis de precios unitarios de ítems no previstos, el Interventor aprueba el desglose y precio unitario de cada ítem no previsto, exigiendo la aplicación de los costos correspondientes a insumos y tarifas de la propuesta económica inicial cuando estén contemplados, cumpliendo con las especificaciones de construcción vigente para el proyecto.
G91: Firma
G92: Nombre:
G93: Representante Legal del Interventor o su Apoderado
G94: Matricula No. :

Sheet APU 8.16 
B3: Formulario 1 - Propuesta económica - Documento tipo de licitación de obra pública de agua potable y saneamiento básico
B4: Código | C4: CCE-EICP-FM-47 | D4: Versión | E4: 1
B6: [La entidad podrá utilizar este formato, o el establecido por la entidad, para la presentación de los análisis de precios unitarios del contratista en la oportunidad prevista en el numeral 8.1. del Documento Base]
C9: ALCALDIA DE TUNJA
K10: VERSIÓN
C11: [NÚMERO DEL PROCESO]
K12: PÁGINA | L12: 1 | M12: DE | N12: 1
C14: ANALISIS DE PRECIOS UNITARIOS
K16: FECHA | L16: DD | M16: MM | N16: AA
B18: ÍTEMS DE LA PROPUESTA ECONÓMICA
B22: DATOS ESPECÍFICOS
B24: ÍTEM | C24: DESCRIPCIÓN | L24: UNIDAD | N24: CANTIDAD
B25: 8.16 | C25: SUMINISTRO E INSTALACIÓN DE REGISTRO DE BOLA ROSCADO PVC DE 3" T.P. | L25: UND
B26: I. EQUIPO
B29: DESCRIPCIÓN | G29: MARCA | I29: TIPO | K29: TARIFA/HORA | L29: RENDIMIENTO | N29: Vr. UNITARIO
B30: HERRAMIENTA Y EQUIPO MENOR (%M.O.) | K30: 28055.7 | L30: 0.05 | N30: =K30*L30 -> 1402.785 | P30: NOTA: APU ELABORADO A ARTIR DE 2.12.47
B33: SUBTOTAL $ | N33: =ROUND(SUM(N30:N32),2) -> 1402.79
B34: II. MATERIALES
B37: DESCRIPCIÓN | J37: UNIDAD | K37: CANTIDAD | L37: PRECIO UNIT. | N37: Vr. UNITARIO
B38: REGISTRO DE BOLA ROSCADO PVC DE 3" T.P. | J38: UND | K38: 1 | L38: ='Listadio de Materiales'!C7 -> 104571.67 | N38: =L38*K38 -> 104571.67
B39: ADAPTADOR MACHO PVC DE 3" | J39: UND | K39: 2 | L39: 31207.5 | N39: =L39*K39 -> 62415
B40: CINTA TEFLON 10 m 1/2`` | J40: RLL | K40: 0.1 | L40: 1800 | N40: =L40*K40 -> 180
B41: REMOVEDOR PVC (LIMPIADOR) | J41: 1/4 GL | K41: 0.01 | L41: 52600 | N41: =L41*K41 -> 526
B42: SOLDADURA PVC | J42: 1/4 GL | K42: 0.01 | L42: 64850 | N42: =L42*K42 -> 648.5
N43: =L43*K43 -> 0
B44: SUBTOTAL $ | N44: =ROUND(SUM(N38:N43),2) -> 168341.17
B45: III. TRANSPORTES
B48: MATERIAL | I48: VOL. o PESO | J48: DISTANCIA | K48: M3 o Ton/Km | L48: TARIFA | N48: Vr. UNITARIO
N49: =L49*K49 -> 0
B51: SUBTOTAL $ | N51: =SUM(N49:N50) -> 0
B52: IV. MANO DE OBRA
B55: TRABAJADOR | J55: Unidad | K55: Vr. Unitario | L55: Cantidad | N55: Valor parcial
B56: CUADRILLA DE INSTALACIÓNES (BB) | J56: HC | K56: 35069.63 | L56: 0.8 | N56: =K56*L56 -> 28055.704
N57: =K57*L57 -> 0
B60: SUBTOTAL $ | N60: =ROUND(SUM(N56:N59),2) -> 28055.7
B62: TOTAL COSTO DIRECTO $ | N62: =N33+N44+N51+N60 -> 197799.66
B63: V. COSTOS INDIRECTOS
B66: Descripción | K66: Porcentaje | L66: Valor Total
B67: ADMINISTRACION | K67: 0.23 | N67: =$N$62*K67 -> 45493.922
B68: IMPREVISTOS | K68: 0.02 | N68: =$N$62*K68 -> 3955.9932
B69: UTILIDAD | K69: 0.05 | N69: =$N$62*K69 -> 9889.983
B70: SUBTOTAL $ | N70: =ROUND(SUM(N67:N69),2) -> 59339.9
B72: Precio Unitario Total Aproximado al peso $ | N72: =ROUND(N62+N70,2) -> 257139.56
G76: Firma
G77: Nombre: JUAN CARLOS PEREZ MESA
G78: Secretario fomento economico y servicios publicos
G79: Matricula No. :
B81: OBSERVACIONES INTERVENTORÍA
B85: APROBACIÓN POR INTERVENTORÍA
B86: Nota 1: Cuando se trate de Análisis de precios unitarios correspondientes a ítems de la propuesta económica aprobada, el Interventor aprueba el desglose de los componentes manteniendo el mismo precio unitario de cada ítem, cumpliendo con las especificaciones de construcción vigentes para el proyecto.
B88: Nota 2: Cuando se trate de Análisis de precios unitarios de ítems no previstos, el Interventor aprueba el desglose y precio unitario de cada ítem no previsto, exigiendo la aplicación de los costos correspondientes a insumos y tarifas de la propuesta económica inicial cuando estén contemplados, cumpliendo con las especificaciones de construcción vigente para el proyecto.
G91: Firma
G92: Nombre:
G93: Representante Legal del Interventor o su Apoderado
G94: Matricula No. :

Sheet APU 9.1
B3: Formulario 1 - Propuesta económica - Documento tipo de licitación de obra pública de agua potable y saneamiento básico
B4: Código | C4: CCE-EICP-FM-47 | D4: Versión | E4: 1
B6: [La entidad podrá utilizar este formato, o el establecido por la entidad, para la presentación de los análisis de precios unitarios del contratista en la oportunidad prevista en el numeral 8.1. del Documento Base]
C9: ALCALDIA DE TUNJA
K10: VERSIÓN
C11: [NÚMERO DEL PROCESO]
K12: PÁGINA | L12: 1 | M12: DE | N12: 1
C14: ANALISIS DE PRECIOS UNITARIOS
K16: FECHA | L16: DD | M16: MM | N16: AA
B18: ÍTEMS DE LA PROPUESTA ECONÓMICA
B22: DATOS ESPECÍFICOS
B24: ÍTEM | C24: DESCRIPCIÓN | L24: UNIDAD | N24: CANTIDAD
B25: 9.1 | C25: INSTALACIÓN Y ADECUACIÓN DE SISTEMA DE VENTILACIÓN TANQUE DE ALMACENAMIENTO | L25: UND
B26: I. EQUIPO
B29: DESCRIPCIÓN | G29: MARCA | I29: TIPO | K29: TARIFA/HORA | L29: RENDIMIENTO | N29: Vr. UNITARIO
B30: HERRAMIENTA Y EQUIPO MENOR (%M.O.) | K30: 10521 | L30: 0.05 | N30: =K30*L30 -> 526.05 | P30: NOTA: APU ELABORADO A ARTIR DE 4.03.38
B33: SUBTOTAL $ | N33: =ROUND(SUM(N30:N32),2) -> 526.05
B34: II. MATERIALES
B37: DESCRIPCIÓN | J37: UNIDAD | K37: CANTIDAD | L37: PRECIO UNIT. | N37: Vr. UNITARIO
B38: TUBERIA PVC REV 3" | J38: UND | K38: 1.5 | L38: ='Listadio de Materiales'!C43 -> 41253.811 | N38: =L38*K38 -> 61880.716
B39: CODO C X C 90"PVC S3" | J39: UND | K39: 1 | L39: ='Listadio de Materiales'!C44 -> 6937.0467 | N39: =L39*K39 -> 6937.0467
B40: LIMPIADOR 1/4 PVC | J40: UND | K40: 0.01 | L40: ='Listadio de Materiales'!C5 -> 40200 | N40: =L40*K40 -> 402
B41: SOLDADURA LIQUIDA PVC | J41: UND | K41: 0.01 | L41: ='Listadio de Materiales'!C6 -> 100925 | N41: =L41*K41 -> 1009.25
B44: SUBTOTAL $ | N44: =ROUND(SUM(N38:N43),2) -> 70229.01
B45: III. TRANSPORTES
B48: MATERIAL | I48: VOL. o PESO | J48: DISTANCIA | K48: M3 o Ton/Km | L48: TARIFA | N48: Vr. UNITARIO
N49: =L49*K49 -> 0
B51: SUBTOTAL $ | N51: =SUM(N49:N50) -> 0
B52: IV. MANO DE OBRA
B55: TRABAJADOR | J55: Unidad | K55: Vr. Unitario | L55: Cantidad | N55: Valor parcial
B56: CUADRILLA DE INSTALACIÓNES (BB) | J56: HC | K56: 35069.63 | L56: 0.3 | N56: =K56*L56 -> 10520.889
N57: =K57*L57 -> 0
B60: SUBTOTAL $ | N60: =ROUND(SUM(N56:N59),2) -> 10520.89
B62: TOTAL COSTO DIRECTO $ | N62: =N33+N44+N51+N60 -> 81275.95
B63: V. COSTOS INDIRECTOS
B66: Descripción | K66: Porcentaje | L66: Valor Total
B67: ADMINISTRACION | K67: 0.23 | N67: =$N$62*K67 -> 18693.468
B68: IMPREVISTOS | K68: 0.02 | N68: =$N$62*K68 -> 1625.519
B69: UTILIDAD | K69: 0.05 | N69: =$N$62*K69 -> 4063.7975
B70: SUBTOTAL $ | N70: =ROUND(SUM(N67:N69),2) -> 24382.79
B72: Precio Unitario Total Aproximado al peso $ | N72: =ROUND(N62+N70,2) -> 105658.74
G76: Firma
G77: Nombre: JUAN CARLOS PEREZ MESA
G78: Secretario fomento economico y servicios publicos
G79: Matricula No. :
B81: OBSERVACIONES INTERVENTORÍA
B85: APROBACIÓN POR INTERVENTORÍA
B86: Nota 1: Cuando se trate de Análisis de precios unitarios correspondientes a ítems de la propuesta económica aprobada, el Interventor aprueba el desglose de los componentes manteniendo el mismo precio unitario de cada ítem, cumpliendo con las especificaciones de construcción vigentes para el proyecto.
B88: Nota 2: Cuando se trate de Análisis de precios unitarios de ítems no previstos, el Interventor aprueba el desglose y precio unitario de cada ítem no previsto, exigiendo la aplicación de los costos correspondientes a insumos y tarifas de la propuesta económica inicial cuando estén contemplados, cumpliendo con las especificaciones de construcción vigente para el proyecto.
G91: Firma
G92: Nombre:
G93: Representante Legal del Interventor o su Apoderado
G94: Matricula No. :

Sheet APU 12.2
B3: Formulario 1 - Propuesta económica - Documento tipo de licitación de obra pública de agua potable y saneamiento básico
B4: Código | C4: CCE-EICP-FM-47 | D4: Versión | E4: 1
B6: [La entidad podrá utilizar este formato, o el establecido por la entidad, para la presentación de los análisis de precios unitarios del contratista en la oportunidad prevista en el numeral 8.1. del Documento Base]
C9: ALCALDIA DE TUNJA
K10: VERSIÓN
C11: [NÚMERO DEL PROCESO]
K12: PÁGINA | L12: 1 | M12: DE | N12: 1
C14: ANALISIS DE PRECIOS UNITARIOS
K16: FECHA | L16: DD | M16: MM | N16: AA
B18: ÍTEMS DE LA PROPUESTA ECONÓMICA
B22: DATOS ESPECÍFICOS
B24: ÍTEM | C24: DESCRIPCIÓN | L24: UNIDAD | N24: CANTIDAD
B25: 12.2 | C25: UNION 2" PEAD -2" PVC (INCLUYE TODOS LOS ACCESORIOS) | L25: UND
B26: I. EQUIPO
B29: DESCRIPCIÓN | G29: MARCA | I29: TIPO | K29: TARIFA/HORA | L29: RENDIMIENTO | N29: Vr. UNITARIO
B30: HERRAMIENTA Y EQUIPO MENOR (%M.O.) | K30: 10520.89 | L30: 0.05 | N30: =K30*L30 -> 526.0445 | P30: NOTA: APU ELABORADO A ARTIR DE 4.03.59
B33: SUBTOTAL $ | N33: =ROUND(SUM(N30:N32),2) -> 526.04
B34: II. MATERIALES
B37: DESCRIPCIÓN | J37: UNIDAD | K37: CANTIDAD | L37: PRECIO UNIT. | N37: Vr. UNITARIO
B38: BRIDAS 2" | J38: UND | K38: 1 | L38: ='Listadio de Materiales'!C29 -> 40579.726 | N38: =L38*K38 -> 40579.726
B39: BRIDAS UNION UNIVERSAL 2" | J39: UND | K39: 1 | L39: ='Listadio de Materiales'!C30 -> 131987.28 | N39: =L39*K39 -> 131987.28
B40: EMPAQUE NEOLITEL 2" | J40: UND | K40: 1 | L40: ='Listadio de Materiales'!C34 -> 13385.34 | N40: =L40*K40 -> 13385.34
B41: TORNILOS PARA BRIDAS 2" 3" 4" O 8" | J41: UND | K41: 6 | L41: ='Listadio de Materiales'!C42 -> 7235.5967 | N41: =L41*K41 -> 43413.58
B44: SUBTOTAL $ | N44: =ROUND(SUM(N38:N43),2) -> 229365.93
B45: III. TRANSPORTES
B48: MATERIAL | I48: VOL. o PESO | J48: DISTANCIA | K48: M3 o Ton/Km | L48: TARIFA | N48: Vr. UNITARIO
N49: =L49*K49 -> 0
B51: SUBTOTAL $ | N51: =SUM(N49:N50) -> 0
B52: IV. MANO DE OBRA
B55: TRABAJADOR | J55: Unidad | K55: Vr. Unitario | L55: Cantidad | N55: Valor parcial
B56: CUADRILLA DE INSTALACIÓNES (BB) | J56: HC | K56: 35069.63 | L56: 0.3 | N56: =K56*L56 -> 10520.889
N57: =K57*L57 -> 0
B60: SUBTOTAL $ | N60: =ROUND(SUM(N56:N59),2) -> 10520.89
B62: TOTAL COSTO DIRECTO $ | N62: =N33+N44+N51+N60 -> 240412.86
B63: V. COSTOS INDIRECTOS
B66: Descripción | K66: Porcentaje | L66: Valor Total
B67: ADMINISTRACION | K67: 0.23 | N67: =$N$62*K67 -> 55294.958
B68: IMPREVISTOS | K68: 0.02 | N68: =$N$62*K68 -> 4808.2572
B69: UTILIDAD | K69: 0.05 | N69: =$N$62*K69 -> 12020.643
B70: SUBTOTAL $ | N70: =ROUND(SUM(N67:N69),2) -> 72123.86
B72: Precio Unitario Total Aproximado al peso $ | N72: =ROUND(N62+N70,2) -> 312536.72
G76: Firma
G77: Nombre: JUAN CARLOS PEREZ MESA
G78: Secretario fomento economico y servicios publicos
G79: Matricula No. :
B81: OBSERVACIONES INTERVENTORÍA
B85: APROBACIÓN POR INTERVENTORÍA
B86: Nota 1: Cuando se trate de Análisis de precios unitarios correspondientes a ítems de la propuesta económica aprobada, el Interventor aprueba el desglose de los componentes manteniendo el mismo precio unitario de cada ítem, cumpliendo con las especificaciones de construcción vigentes para el proyecto.
B88: Nota 2: Cuando se trate de Análisis de precios unitarios de ítems no previstos, el Interventor aprueba el desglose y precio unitario de cada ítem no previsto, exigiendo la aplicación de los costos correspondientes a insumos y tarifas de la propuesta económica inicial cuando estén contemplados, cumpliendo con las especificaciones de construcción vigente para el proyecto.
G91: Firma
G92: Nombre:
G93: Representante Legal del Interventor o su Apoderado
G94: Matricula No. :

Sheet APU 17.3 
B3: Formulario 1 - Propuesta económica - Documento tipo de licitación de obra pública de agua potable y saneamiento básico
B4: Código | C4: CCE-EICP-FM-47 | D4: Versión | E4: 1
B6: [La entidad podrá utilizar este formato, o el establecido por la entidad, para la presentación de los análisis de precios unitarios del contratista en la oportunidad prevista en el numeral 8.1. del Documento Base]
C9: ALCALDIA DE TUNJA
K10: VERSIÓN
C11: [NÚMERO DEL PROCESO]
K12: PÁGINA | L12: 1 | M12: DE | N12: 1
C14: ANALISIS DE PRECIOS UNITARIOS
K16: FECHA | L16: DD | M16: MM | N16: AA
B18: ÍTEMS DE LA PROPUESTA ECONÓMICA
B22: DATOS ESPECÍFICOS
B24: ÍTEM | C24: DESCRIPCIÓN | L24: UNIDAD | N24: CANTIDAD
B25: 17.3 | C25: DERIVACION 2" PEAD A 3/4" PVC (INCLUYE TODOS LOS ACCESORIOS) | L25: UND
B26: I. EQUIPO
B29: DESCRIPCIÓN | G29: MARCA | I29: TIPO | K29: TARIFA/HORA | L29: RENDIMIENTO | N29: Vr. UNITARIO
B30: HERRAMIENTA Y EQUIPO MENOR (%M.O.) | K30: 10521 | L30: 0.05 | N30: =K30*L30 -> 526.05 | P30: NOTA: APU ELABORADO A ARTIR DE 4.04.33
B33: SUBTOTAL $ | N33: =ROUND(SUM(N30:N32),2) -> 526.05
B34: II. MATERIALES
B37: DESCRIPCIÓN | J37: UNIDAD | K37: CANTIDAD | L37: PRECIO UNIT. | N37: Vr. UNITARIO
B38: TEE PAD 2" | J38: UND | K38: 1 | L38: ='Listadio de Materiales'!C19 -> 39102 | N38: =L38*K38 -> 39102
B39: REDUCCIONES PAD 2" A 1-1/2" | J39: UND | K39: 1 | L39: ='Listadio de Materiales'!C24 -> 40419.54 | N39: =L39*K39 -> 40419.54
B40: Tuberia PE Æ 50 mm | J40: UND | K40: 0.5 | L40: ='Listadio de Materiales'!C48 -> 11995.597 | N40: =L40*K40 -> 5997.7983
B41: UNION UNIVESAL (3/4") X (1 1/2") | J41: UND | K41: 1 | L41: ='Listadio de Materiales'!C46 -> 6617.6867 | N41: =L41*K41 -> 6617.6867
B42: TUBERIA PEAD RDE 11 DE PN16 (63 MM) | J42: ML | K42: 0.5 | L42: ='Listadio de Materiales'!C9 -> 17011 | N42: =L42*K42 -> 8505.5
B43: SUBTOTAL $ | N43: =ROUND(SUM(N38:N42),2) -> 100642.53
B44: III. TRANSPORTES
B47: MATERIAL | I47: VOL. o PESO | J47: DISTANCIA | K47: M3 o Ton/Km | L47: TARIFA | N47: Vr. UNITARIO
N48: =L48*K48 -> 0
B50: SUBTOTAL $ | N50: =SUM(N48:N49) -> 0
B51: IV. MANO DE OBRA
B54: TRABAJADOR | J54: Unidad | K54: Vr. Unitario | L54: Cantidad | N54: Valor parcial
B55: CUADRILLA DE INSTALACIÓNES (BB) | J55: HC | K55: 35069.63 | L55: 0.3 | N55: =K55*L55 -> 10520.889
N56: =K56*L56 -> 0
B59: SUBTOTAL $ | N59: =ROUND(SUM(N55:N58),2) -> 10520.89
B61: TOTAL COSTO DIRECTO $ | N61: =N33+N43+N50+N59 -> 111689.47
B62: V. COSTOS INDIRECTOS
B65: Descripción | K65: Porcentaje | L65: Valor Total
B66: ADMINISTRACION | K66: 0.23 | N66: =$N$61*K66 -> 25688.578
B67: IMPREVISTOS | K67: 0.02 | N67: =$N$61*K67 -> 2233.7894
B68: UTILIDAD | K68: 0.05 | N68: =$N$61*K68 -> 5584.4735
B69: SUBTOTAL $ | N69: =ROUND(SUM(N66:N68),2) -> 33506.84
B71: Precio Unitario Total Aproximado al peso $ | N71: =ROUND(N61+N69,2) -> 145196.31
G75: Firma
G76: Nombre: JUAN CARLOS PEREZ MESA
G77: Secretario fomento economico y servicios publicos
G78: Matricula No. :
B80: OBSERVACIONES INTERVENTORÍA
B84: APROBACIÓN POR INTERVENTORÍA
B85: Nota 1: Cuando se trate de Análisis de precios unitarios correspondientes a ítems de la propuesta económica aprobada, el Interventor aprueba el desglose de los componentes manteniendo el mismo precio unitario de cada ítem, cumpliendo con las especificaciones de construcción vigentes para el proyecto.
B87: Nota 2: Cuando se trate de Análisis de precios unitarios de ítems no previstos, el Interventor aprueba el desglose y precio unitario de cada ítem no previsto, exigiendo la aplicación de los costos correspondientes a insumos y tarifas de la propuesta económica inicial cuando estén contemplados, cumpliendo con las especificaciones de construcción vigente para el proyecto.
G90: Firma
G91: Nombre:
G92: Representante Legal del Interventor o su Apoderado
G93: Matricula No. :

Sheet APU 17.4
B3: Formulario 1 - Propuesta económica - Documento tipo de licitación de obra pública de agua potable y saneamiento básico
B4: Código | C4: CCE-EICP-FM-47 | D4: Versión | E4: 1
B6: [La entidad podrá utilizar este formato, o el establecido por la entidad, para la presentación de los análisis de precios unitarios del contratista en la oportunidad prevista en el numeral 8.1. del Documento Base]
C9: ALCALDIA DE TUNJA
K10: VERSIÓN
C11: [NÚMERO DEL PROCESO]
K12: PÁGINA | L12: 1 | M12: DE | N12: 1
C14: ANALISIS DE PRECIOS UNITARIOS
K16: FECHA | L16: DD | M16: MM | N16: AA
B18: ÍTEMS DE LA PROPUESTA ECONÓMICA
B22: DATOS ESPECÍFICOS
B24: ÍTEM | C24: DESCRIPCIÓN | L24: UNIDAD | N24: CANTIDAD
B25: 17.4 | C25: DERIVACION 2" PEAD A 1" PVC (INCLUYE TODOS LOS ACCESORIOS) | L25: UND
B26: I. EQUIPO
B29: DESCRIPCIÓN | G29: MARCA | I29: TIPO | K29: TARIFA/HORA | L29: RENDIMIENTO | N29: Vr. UNITARIO
B30: HERRAMIENTA Y EQUIPO MENOR (%M.O.) | K30: 10521 | L30: 0.05 | N30: =K30*L30 -> 526.05 | P30: NOTA: APU ELABORADO A ARTIR DE 4.03.38
B33: SUBTOTAL $ | N33: =ROUND(SUM(N30:N32),2) -> 526.05
B34: II. MATERIALES
B37: DESCRIPCIÓN | J37: UNIDAD | K37: CANTIDAD | L37: PRECIO UNIT. | N37: Vr. UNITARIO
B38: TEE PAD 2" | J38: UND | K38: 1 | L38: ='Listadio de Materiales'!C19 -> 39102 | N38: =L38*K38 -> 39102
B39: REDUCCIONES PAD 2" A 1" | J39: UND | K39: 1 | L39: ='Listadio de Materiales'!C25 -> 29546.51 | N39: =L39*K39 -> 29546.51
B40: TUBERIA PEAD RDE 11 DE PN16 (63 MM) | J40: ML | K40: 1.5 | L40: ='Listadio de Materiales'!C9 -> 17011 | N40: =L40*K40 -> 25516.5
B41: PORTA BRIDAS 1" | J41: UND | K41: 1 | L41: ='Listadio de Materiales'!C28 -> 13801.727 | N41: =L41*K41 -> 13801.727
B42: TORNILLOS PARA BRIDAS 2" 3" 4" 6" O 8" | J42: UND | K42: 6 | L42: ='Listadio de Materiales'!C42 -> 7235.5967 | N42: =L42*K42 -> 43413.58
B43: EMPAQUE NEOLITEL 1" | J43: UND | K43: 1 | L43: ='Listadio de Materiales'!C36 -> 5435.1667 | N43: =L43*K43 -> 5435.1667
B44: BRIDAS UNION UNIVERSAL 1" | J44: UND | K44: 1 | L44: ='Listadio de Materiales'!C32 -> 321067.16 | N44: =L44*K44 -> 321067.16
B45: SUBTOTAL $ | N45: =ROUND(SUM(N38:N44),2) -> 477882.64
B46: III. TRANSPORTES
B49: MATERIAL | I49: VOL. o PESO | J49: DISTANCIA | K49: M3 o Ton/Km | L49: TARIFA | N49: Vr. UNITARIO
N50: =L50*K50 -> 0
B52: SUBTOTAL $ | N52: =SUM(N50:N51) -> 0
B53: IV. MANO DE OBRA
B56: TRABAJADOR | J56: Unidad | K56: Vr. Unitario | L56: Cantidad | N56: Valor parcial
B57: CUADRILLA DE INSTALACIÓNES (BB) | J57: HC | K57: 35069.63 | L57: 0.3 | N57: =K57*L57 -> 10520.889
N58: =K58*L58 -> 0
B61: SUBTOTAL $ | N61: =ROUND(SUM(N57:N60),2) -> 10520.89
B63: TOTAL COSTO DIRECTO $ | N63: =N33+N45+N52+N61 -> 488929.58
B64: V. COSTOS INDIRECTOS
B67: Descripción | K67: Porcentaje | L67: Valor Total
B68: ADMINISTRACION | K68: 0.23 | N68: =$N$63*K68 -> 112453.8
B69: IMPREVISTOS | K69: 0.02 | N69: =$N$63*K69 -> 9778.5916
B70: UTILIDAD | K70: 0.05 | N70: =$N$63*K70 -> 24446.479
B71: SUBTOTAL $ | N71: =ROUND(SUM(N68:N70),2) -> 146678.87
B73: Precio Unitario Total Aproximado al peso $ | N73: =ROUND(N63+N71,2) -> 635608.45
G77: Firma
G78: Nombre: JUAN CARLOS PEREZ MESA
G79: Secretario fomento economico y servicios publicos
G80: Matricula No. :
B82: OBSERVACIONES INTERVENTORÍA
B86: APROBACIÓN POR INTERVENTORÍA
B87: Nota 1: Cuando se trate de Análisis de precios unitarios correspondientes a ítems de la propuesta económica aprobada, el Interventor aprueba el desglose de los componentes manteniendo el mismo precio unitario de cada ítem, cumpliendo con las especificaciones de construcción vigentes para el proyecto.
B89: Nota 2: Cuando se trate de Análisis de precios unitarios de ítems no previstos, el Interventor aprueba el desglose y precio unitario de cada ítem no previsto, exigiendo la aplicación de los costos correspondientes a insumos y tarifas de la propuesta económica inicial cuando estén contemplados, cumpliendo con las especificaciones de construcción vigente para el proyecto.
G92: Firma
G93: Nombre:
G94: Representante Legal del Interventor o su Apoderado
G95: Matricula No. :

Sheet APU 17.6
B3: Formulario 1 - Propuesta económica - Documento tipo de licitación de obra pública de agua potable y saneamiento básico
B4: Código | C4: CCE-EICP-FM-47 | D4: Versión | E4: 1
B6: [La entidad podrá utilizar este formato, o el establecido por la entidad, para la presentación de los análisis de precios unitarios del contratista en la oportunidad prevista en el numeral 8.1. del Documento Base]
C9: ALCALDIA DE TUNJA
K10: VERSIÓN
C11: [NÚMERO DEL PROCESO]
K12: PÁGINA | L12: 1 | M12: DE | N12: 1
C14: ANALISIS DE PRECIOS UNITARIOS
K16: FECHA | L16: DD | M16: MM | N16: AA
B18: ÍTEMS DE LA PROPUESTA ECONÓMICA
B22: DATOS ESPECÍFICOS
B24: ÍTEM | C24: DESCRIPCIÓN | L24: UNIDAD | N24: CANTIDAD
B25: 17.6 | C25: UNION 2" PEAD -1" PVC (INCLUYE TODOS LOS ACCESORIOS) | L25: UND
B26: I. EQUIPO
B29: DESCRIPCIÓN | G29: MARCA | I29: TIPO | K29: TARIFA/HORA | L29: RENDIMIENTO | N29: Vr. UNITARIO
B30: HERRAMIENTA Y EQUIPO MENOR (%M.O.) | K30: 10520.89 | L30: 0.05 | N30: =K30*L30 -> 526.0445 | P30: NOTA: APU ELABORADO A ARTIR DE 4.03.59
B33: SUBTOTAL $ | N33: =ROUND(SUM(N30:N32),2) -> 526.04
B34: II. MATERIALES
B37: DESCRIPCIÓN | J37: UNIDAD | K37: CANTIDAD | L37: PRECIO UNIT. | N37: Vr. UNITARIO
B38: REDUCCIONES PAD 2" A 1" | J38: UND | K38: 1 | L38: ='Listadio de Materiales'!C25 -> 29546.51 | N38: =L38*K38 -> 29546.51
B39: TUBERIA PEAD RDE 11 DE PN16 (63 MM) | J39: ML | K39: 1.5 | L39: ='Listadio de Materiales'!C9 -> 17011 | N39: =L39*K39 -> 25516.5
B40: PORTA BRIDAS 1" | J40: UND | K40: 1 | L40: ='Listadio de Materiales'!C28 -> 13801.727 | N40: =L40*K40 -> 13801.727
B41: TORNILOS PARA BRIDAS 2" 3" 4" O 8" | J41: UND | K41: 6 | L41: ='Listadio de Materiales'!C42 -> 7235.5967 | N41: =L41*K41 -> 43413.58
B42: EMPAQUE NEOLITEL 1" | J42: UND | K42: 1 | L42: ='Listadio de Materiales'!C36 -> 5435.1667 | N42: =L42*K42 -> 5435.1667
B43: BRIDAS UNION UNIVERSAL 1" | J43: UND | K43: 1 | L43: ='Listadio de Materiales'!C32 -> 321067.16 | N43: =L43*K43 -> 321067.16
B45: SUBTOTAL $ | N45: =ROUND(SUM(N38:N44),2) -> 438780.64
B46: III. TRANSPORTES
B49: MATERIAL | I49: VOL. o PESO | J49: DISTANCIA | K49: M3 o Ton/Km | L49: TARIFA | N49: Vr. UNITARIO
N50: =L50*K50 -> 0
B52: SUBTOTAL $ | N52: =SUM(N50:N51) -> 0
B53: IV. MANO DE OBRA
B56: TRABAJADOR | J56: Unidad | K56: Vr. Unitario | L56: Cantidad | N56: Valor parcial
B57: CUADRILLA DE INSTALACIÓNES (BB) | J57: HC | K57: 35069.63 | L57: 0.3 | N57: =K57*L57 -> 10520.889
N58: =K58*L58 -> 0
B61: SUBTOTAL $ | N61: =ROUND(SUM(N57:N60),2) -> 10520.89
B63: TOTAL COSTO DIRECTO $ | N63: =N33+N45+N52+N61 -> 449827.57
B64: V. COSTOS INDIRECTOS
B67: Descripción | K67: Porcentaje | L67: Valor Total
B68: ADMINISTRACION | K68: 0.23 | N68: =$N$63*K68 -> 103460.34
B69: IMPREVISTOS | K69: 0.02 | N69: =$N$63*K69 -> 8996.5514
B70: UTILIDAD | K70: 0.05 | N70: =$N$63*K70 -> 22491.379
B71: SUBTOTAL $ | N71: =ROUND(SUM(N68:N70),2) -> 134948.27
B73: Precio Unitario Total Aproximado al peso $ | N73: =ROUND(N63+N71,2) -> 584775.84
G77: Firma
G78: Nombre: JUAN CARLOS PEREZ MESA
G79: Secretario fomento economico y servicios publicos
G80: Matricula No. :
B82: OBSERVACIONES INTERVENTORÍA
B86: APROBACIÓN POR INTERVENTORÍA
B87: Nota 1: Cuando se trate de Análisis de precios unitarios correspondientes a ítems de la propuesta económica aprobada, el Interventor aprueba el desglose de los componentes manteniendo el mismo precio unitario de cada ítem, cumpliendo con las especificaciones de construcción vigentes para el proyecto.
B89: Nota 2: Cuando se trate de Análisis de precios unitarios de ítems no previstos, el Interventor aprueba el desglose y precio unitario de cada ítem no previsto, exigiendo la aplicación de los costos correspondientes a insumos y tarifas de la propuesta económica inicial cuando estén contemplados, cumpliendo con las especificaciones de construcción vigente para el proyecto.
G92: Firma
G93: Nombre:
G94: Representante Legal del Interventor o su Apoderado
G95: Matricula No. :

Sheet APU 24.2 
B3: Formulario 1 - Propuesta económica - Documento tipo de licitación de obra pública de agua potable y saneamiento básico
B4: Código | C4: CCE-EICP-FM-47 | D4: Versión | E4: 1
B6: [La entidad podrá utilizar este formato, o el establecido por la entidad, para la presentación de los análisis de precios unitarios del contratista en la oportunidad prevista en el numeral 8.1. del Documento Base]
C9: ALCALDIA DE TUNJA
K10: VERSIÓN
C11: [NÚMERO DEL PROCESO]
K12: PÁGINA | L12: 1 | M12: DE | N12: 1
C14: ANALISIS DE PRECIOS UNITARIOS
K16: FECHA | L16: DD | M16: MM | N16: AA
B18: ÍTEMS DE LA PROPUESTA ECONÓMICA
B22: DATOS ESPECÍFICOS
B24: ÍTEM | C24: DESCRIPCIÓN | L24: UNIDAD | N24: CANTIDAD
B25: 24.2 | C25: ACOMETIDA DE 3" PEAD A 1/2" PEAD INCLUYE TUBERÍA PF + UAD 1/2", REGISTRO DE CORTE, SILLETA DERIVACIÓN Y ACCESORIOS COMPLEMENTARIOS PARA SU CONEXIÓN. | L25: UND
B26: I. EQUIPO
B29: DESCRIPCIÓN | G29: MARCA | I29: TIPO | K29: TARIFA/HORA | L29: RENDIMIENTO | N29: Vr. UNITARIO
B30: HERRAMIENTA Y EQUIPO MENOR (%M.O.) | K30: 45591 | L30: 0.05 | N30: =K30*L30 -> 2279.55 | P30: NOTA: APU ELABORADO A ARTIR DE 4.01.33
B33: SUBTOTAL $ | N33: =ROUND(SUM(N30:N32),2) -> 2279.55
B34: II. MATERIALES
B37: DESCRIPCIÓN | J37: UNIDAD | K37: CANTIDAD | L37: PRECIO UNIT. | N37: Vr. UNITARIO
B38: SILLETA DE DERIVACIÓN 3" A 1/2" | J38: UND | K38: 1 | L38: ='Listadio de Materiales'!C38 -> 18610.41 | N38: =L38*K38 -> 18610.41
B39: REJISTRO DE CORTE 1/2" | J39: UND | K39: 1 | L39: ='Listadio de Materiales'!C40 -> 29430.8 | N39: =L39*K39 -> 29430.8
B40: REGISTRO DE INCORPORACION | J40: ML | K40: 1 | L40: ='Listadio de Materiales'!C39 -> 23895.647 | N40: =L40*K40 -> 23895.647
B41: TUBERÍA PE-AL-PE 1216 O 1/2" | J41: ML | K41: 6 | L41: ='Listadio de Materiales'!C41 -> 3250 | N41: =L41*K41 -> 19500
B44: SUBTOTAL $ | N44: =ROUND(SUM(N38:N43),2) -> 91436.86
B45: III. TRANSPORTES
B48: MATERIAL | I48: VOL. o PESO | J48: DISTANCIA | K48: M3 o Ton/Km | L48: TARIFA | N48: Vr. UNITARIO
N49: =L49*K49 -> 0
B51: SUBTOTAL $ | N51: =SUM(N49:N50) -> 0
B52: IV. MANO DE OBRA
B55: TRABAJADOR | J55: Unidad | K55: Vr. Unitario | L55: Cantidad | N55: Valor parcial
B56: CUADRILLA DE INSTALACIÓNES (BB) | J56: HC | K56: 35069.63 | L56: 1.3 | N56: =K56*L56 -> 45590.519
N57: =K57*L57 -> 0
B60: SUBTOTAL $ | N60: =ROUND(SUM(N56:N59),2) -> 45590.52
B62: TOTAL COSTO DIRECTO $ | N62: =N33+N44+N51+N60 -> 139306.93
B63: V. COSTOS INDIRECTOS
B66: Descripción | K66: Porcentaje | L66: Valor Total
B67: ADMINISTRACION | K67: 0.23 | N67: =$N$62*K67 -> 32040.594
B68: IMPREVISTOS | K68: 0.02 | N68: =$N$62*K68 -> 2786.1386
B69: UTILIDAD | K69: 0.05 | N69: =$N$62*K69 -> 6965.3465
B70: SUBTOTAL $ | N70: =ROUND(SUM(N67:N69),2) -> 41792.08
B72: Precio Unitario Total Aproximado al peso $ | N72: =ROUND(N62+N70,2) -> 181099.01
G76: Firma
G77: Nombre: JUAN CARLOS PEREZ MESA
G78: Secretario fomento economico y servicios publicos
G79: Matricula No. :
B81: OBSERVACIONES INTERVENTORÍA
B85: APROBACIÓN POR INTERVENTORÍA
B86: Nota 1: Cuando se trate de Análisis de precios unitarios correspondientes a ítems de la propuesta económica aprobada, el Interventor aprueba el desglose de los componentes manteniendo el mismo precio unitario de cada ítem, cumpliendo con las especificaciones de construcción vigentes para el proyecto.
B88: Nota 2: Cuando se trate de Análisis de precios unitarios de ítems no previstos, el Interventor aprueba el desglose y precio unitario de cada ítem no previsto, exigiendo la aplicación de los costos correspondientes a insumos y tarifas de la propuesta económica inicial cuando estén contemplados, cumpliendo con las especificaciones de construcción vigente para el proyecto.
G91: Firma
G92: Nombre:
G93: Representante Legal del Interventor o su Apoderado
G94: Matricula No. :

Sheet APU 24.5 
B3: Formulario 1 - Propuesta económica - Documento tipo de licitación de obra pública de agua potable y saneamiento básico
B4: Código | C4: CCE-EICP-FM-47 | D4: Versión | E4: 1
B6: [La entidad podrá utilizar este formato, o el establecido por la entidad, para la presentación de los análisis de precios unitarios del contratista en la oportunidad prevista en el numeral 8.1. del Documento Base]
C9: ALCALDIA DE TUNJA
K10: VERSIÓN
C11: [NÚMERO DEL PROCESO]
K12: PÁGINA | L12: 1 | M12: DE | N12: 1
C14: ANALISIS DE PRECIOS UNITARIOS
K16: FECHA | L16: DD | M16: MM | N16: AA
B18: ÍTEMS DE LA PROPUESTA ECONÓMICA
B22: DATOS ESPECÍFICOS
B24: ÍTEM | C24: DESCRIPCIÓN | L24: UNIDAD | N24: CANTIDAD
B25: 24.5 | C25: DERIVACIÓN 3" PEAD A 1/2" PVC (INCLUYE TODOS LOS ACCESORIOS ) | L25: UND
B26: I. EQUIPO
B29: DESCRIPCIÓN | G29: MARCA | I29: TIPO | K29: TARIFA/HORA | L29: RENDIMIENTO | N29: Vr. UNITARIO
B30: HERRAMIENTA Y EQUIPO MENOR (%M.O.) | K30: 10521 | L30: 0.05 | N30: =K30*L30 -> 526.05 | P30: NOTA: APU ELABORADO A ARTIR DE 4.03.41
B33: SUBTOTAL $ | N33: =ROUND(SUM(N30:N32),2) -> 526.05
B34: II. MATERIALES
B37: DESCRIPCIÓN | J37: UNIDAD | K37: CANTIDAD | L37: PRECIO UNIT. | N37: Vr. UNITARIO
B38: REDUCCIONES PAD 3" A 1" | J38: UND | K38: 1 | L38: ='Listadio de Materiales'!C21 -> 41053.81 | N38: =L38*K38 -> 41053.81
B39: TUBERIA PEAD RDE 11 DE PN16 (90 MM) | J39: ML | K39: 0.5 | L39: ='Listadio de Materiales'!C10 -> 34400 | N39: =L39*K39 -> 17200
B40: Tuberia PE Æ 32 mm | J40: ML | K40: 0.5 | L40: ='Listadio de Materiales'!C47 -> 4882.57 | N40: =L40*K40 -> 2441.285
B41: UNION UNIVESAL (1/2") X (1") | J41: UND | K41: 1 | L41: ='Listadio de Materiales'!C45 -> 4708.8267 | N41: =L41*K41 -> 4708.8267
B43: SUBTOTAL $ | N43: =ROUND(SUM(N38:N42),2) -> 65403.92
B44: III. TRANSPORTES
B47: MATERIAL | I47: VOL. o PESO | J47: DISTANCIA | K47: M3 o Ton/Km | L47: TARIFA | N47: Vr. UNITARIO
N48: =L48*K48 -> 0
B50: SUBTOTAL $ | N50: =SUM(N48:N49) -> 0
B51: IV. MANO DE OBRA
B54: TRABAJADOR | J54: Unidad | K54: Vr. Unitario | L54: Cantidad | N54: Valor parcial
B55: CUADRILLA DE INSTALACIÓNES (BB) | J55: HC | K55: 35069.63 | L55: 0.3 | N55: =K55*L55 -> 10520.889
N56: =K56*L56 -> 0
B59: SUBTOTAL $ | N59: =ROUND(SUM(N55:N58),2) -> 10520.89
B61: TOTAL COSTO DIRECTO $ | N61: =N33+N43+N50+N59 -> 76450.86
B62: V. COSTOS INDIRECTOS
B65: Descripción | K65: Porcentaje | L65: Valor Total
B66: ADMINISTRACION | K66: 0.23 | N66: =$N$61*K66 -> 17583.698
B67: IMPREVISTOS | K67: 0.02 | N67: =$N$61*K67 -> 1529.0172
B68: UTILIDAD | K68: 0.05 | N68: =$N$61*K68 -> 3822.543
B69: SUBTOTAL $ | N69: =ROUND(SUM(N66:N68),2) -> 22935.26
B71: Precio Unitario Total Aproximado al peso $ | N71: =ROUND(N61+N69,2) -> 99386.12
G75: Firma
G76: Nombre: JUAN CARLOS PEREZ MESA
G77: Secretario fomento economico y servicios publicos
G78: Matricula No. :
B80: OBSERVACIONES INTERVENTORÍA
B84: APROBACIÓN POR INTERVENTORÍA
B85: Nota 1: Cuando se trate de Análisis de precios unitarios correspondientes a ítems de la propuesta económica aprobada, el Interventor aprueba el desglose de los componentes manteniendo el mismo precio unitario de cada ítem, cumpliendo con las especificaciones de construcción vigentes para el proyecto.
B87: Nota 2: Cuando se trate de Análisis de precios unitarios de ítems no previstos, el Interventor aprueba el desglose y precio unitario de cada ítem no previsto, exigiendo la aplicación de los costos correspondientes a insumos y tarifas de la propuesta económica inicial cuando estén contemplados, cumpliendo con las especificaciones de construcción vigente para el proyecto.
G90: Firma
G91: Nombre:
G92: Representante Legal del Interventor o su Apoderado
G93: Matricula No. :

Sheet APU 24.6
B3: Formulario 1 - Propuesta económica - Documento tipo de licitación de obra pública de agua potable y saneamiento básico
B4: Código | C4: CCE-EICP-FM-47 | D4: Versión | E4: 1
B6: [La entidad podrá utilizar este formato, o el establecido por la entidad, para la presentación de los análisis de precios unitarios del contratista en la oportunidad prevista en el numeral 8.1. del Documento Base]
C9: ALCALDIA DE TUNJA
K10: VERSIÓN
C11: [NÚMERO DEL PROCESO]
K12: PÁGINA | L12: 1 | M12: DE | N12: 1
C14: ANALISIS DE PRECIOS UNITARIOS
K16: FECHA | L16: DD | M16: MM | N16: AA
B18: ÍTEMS DE LA PROPUESTA ECONÓMICA
B22: DATOS ESPECÍFICOS
B24: ÍTEM | C24: DESCRIPCIÓN | L24: UNIDAD | N24: CANTIDAD
B25: 24.6 | C25: UNION 3" PEAD - 1 1/2" PVC (INCLUYE TODOS LOS ACCESORIOS) | L25: UND
B26: I. EQUIPO
B29: DESCRIPCIÓN | G29: MARCA | I29: TIPO | K29: TARIFA/HORA | L29: RENDIMIENTO | N29: Vr. UNITARIO
B30: HERRAMIENTA Y EQUIPO MENOR (%M.O.) | K30: 35069.63 | L30: 0.05 | N30: =K30*L30 -> 1753.4815 | P30: NOTA: APU ELABORADO A ARTIR DE 4.03.60
B33: SUBTOTAL $ | N33: =ROUND(SUM(N30:N32),2) -> 1753.48
B34: II. MATERIALES
B37: DESCRIPCIÓN | J37: UNIDAD | K37: CANTIDAD | L37: PRECIO UNIT. | N37: Vr. UNITARIO
B38: REDUCCIONES PAD 3" A 1-1/2" | J38: UND | K38: 1 | L38: ='Listadio de Materiales'!C20 -> 42685.697 | N38: =L38*K38 -> 42685.697
B39: PORTA BRIDAS 1-1/2" | J39: UND | K39: 1 | L39: ='Listadio de Materiales'!C27 -> 38154.73 | N39: =L39*K39 -> 38154.73
B40: TORNILLOS PARA BRIDAS 2" 3" 4" 6" O 8" | J40: UND | K40: 6 | L40: ='Listadio de Materiales'!C42 -> 7235.5967 | N40: =L40*K40 -> 43413.58
B41: EMPAQUE NEOLITEL 1-1/2" | J41: UND | K41: 1 | L41: ='Listadio de Materiales'!C35 -> 6525.8133 | N41: =L41*K41 -> 6525.8133
B42: BRIDAS UNION UNIVERSAL 1-1/2" | J42: UND | K42: 1 | L42: ='Listadio de Materiales'!C31 -> 383599.28 | N42: =L42*K42 -> 383599.28
B45: SUBTOTAL $ | N45: =ROUND(SUM(N38:N44),2) -> 514379.1
B46: III. TRANSPORTES
B49: MATERIAL | I49: VOL. o PESO | J49: DISTANCIA | K49: M3 o Ton/Km | L49: TARIFA | N49: Vr. UNITARIO
N50: =L50*K50 -> 0
B52: SUBTOTAL $ | N52: =SUM(N50:N51) -> 0
B53: IV. MANO DE OBRA
B56: TRABAJADOR | J56: Unidad | K56: Vr. Unitario | L56: Cantidad | N56: Valor parcial
B57: CUADRILLA DE INSTALACIÓNES (BB) | J57: HC | K57: 35069.63 | L57: 1 | N57: =K57*L57 -> 35069.63
N58: =K58*L58 -> 0
B61: SUBTOTAL $ | N61: =ROUND(SUM(N57:N60),2) -> 35069.63
B63: TOTAL COSTO DIRECTO $ | N63: =N33+N45+N52+N61 -> 551202.21
B64: V. COSTOS INDIRECTOS
B67: Descripción | K67: Porcentaje | L67: Valor Total
B68: ADMINISTRACION | K68: 0.23 | N68: =$N$63*K68 -> 126776.51
B69: IMPREVISTOS | K69: 0.02 | N69: =$N$63*K69 -> 11024.044
B70: UTILIDAD | K70: 0.05 | N70: =$N$63*K70 -> 27560.11
B71: SUBTOTAL $ | N71: =ROUND(SUM(N68:N70),2) -> 165360.66
B73: Precio Unitario Total Aproximado al peso $ | N73: =ROUND(N63+N71,2) -> 716562.87
G77: Firma
G78: Nombre: JUAN CARLOS PEREZ MESA
G79: Secretario fomento economico y servicios publicos
G80: Matricula No. :
B82: OBSERVACIONES INTERVENTORÍA
B86: APROBACIÓN POR INTERVENTORÍA
B87: Nota 1: Cuando se trate de Análisis de precios unitarios correspondientes a ítems de la propuesta económica aprobada, el Interventor aprueba el desglose de los componentes manteniendo el mismo precio unitario de cada ítem, cumpliendo con las especificaciones de construcción vigentes para el proyecto.
B89: Nota 2: Cuando se trate de Análisis de precios unitarios de ítems no previstos, el Interventor aprueba el desglose y precio unitario de cada ítem no previsto, exigiendo la aplicación de los costos correspondientes a insumos y tarifas de la propuesta económica inicial cuando estén contemplados, cumpliendo con las especificaciones de construcción vigente para el proyecto.
G92: Firma
G93: Nombre:
G94: Representante Legal del Interventor o su Apoderado
G95: Matricula No. :

Sheet APU 24.7 
B3: Formulario 1 - Propuesta económica - Documento tipo de licitación de obra pública de agua potable y saneamiento básico
B4: Código | C4: CCE-EICP-FM-47 | D4: Versión | E4: 1
B6: [La entidad podrá utilizar este formato, o el establecido por la entidad, para la presentación de los análisis de precios unitarios del contratista en la oportunidad prevista en el numeral 8.1. del Documento Base]
C9: ALCALDIA DE TUNJA
K10: VERSIÓN
C11: [NÚMERO DEL PROCESO]
K12: PÁGINA | L12: 1 | M12: DE | N12: 1
C14: ANALISIS DE PRECIOS UNITARIOS
K16: FECHA | L16: DD | M16: MM | N16: AA
B18: ÍTEMS DE LA PROPUESTA ECONÓMICA
B22: DATOS ESPECÍFICOS
B24: ÍTEM | C24: DESCRIPCIÓN | L24: UNIDAD | N24: CANTIDAD
B25: 32.7 | C25: ='PRESUPUESTO OFICIAL'!C230 -> SUMINISTRO E INSTALCIÓN TEE 2" PEAD | L25: UND
B26: I. EQUIPO
B29: DESCRIPCIÓN | G29: MARCA | I29: TIPO | K29: TARIFA/HORA | L29: RENDIMIENTO | N29: Vr. UNITARIO
B30: HERRAMIENTA Y EQUIPO MENOR (%M.O.) | K30: 2454.87 | L30: 0.05 | N30: =K30*L30 -> 122.7435 | P30: NOTA: APU ELABORADO A ARTIR DE 2.13.33
B33: SUBTOTAL $ | N33: =ROUND(SUM(N30:N32),2) -> 122.74
B34: II. MATERIALES
B37: DESCRIPCIÓN | J37: UNIDAD | K37: CANTIDAD | L37: PRECIO UNIT. | N37: Vr. UNITARIO
B38: TEE PAD 2" | J38: UND | K38: 1 | L38: ='Listadio de Materiales'!C19 -> 39102 | N38: =L38*K38 -> 39102
B45: SUBTOTAL $ | N45: =ROUND(SUM(N38:N44),2) -> 39102
B46: III. TRANSPORTES
B49: MATERIAL | I49: VOL. o PESO | J49: DISTANCIA | K49: M3 o Ton/Km | L49: TARIFA | N49: Vr. UNITARIO
N50: =L50*K50 -> 0
B52: SUBTOTAL $ | N52: =SUM(N50:N51) -> 0
B53: IV. MANO DE OBRA
B56: TRABAJADOR | J56: Unidad | K56: Vr. Unitario | L56: Cantidad | N56: Valor parcial
B57: CUADRILLA DE INSTALACIÓNES (BB) | J57: HC | K57: 35069.63 | L57: 0.07 | N57: =K57*L57 -> 2454.8741
N58: =K58*L58 -> 0
B61: SUBTOTAL $ | N61: =ROUND(SUM(N57:N60),2) -> 2454.87
B63: TOTAL COSTO DIRECTO $ | N63: =N33+N45+N52+N61 -> 41679.61
B64: V. COSTOS INDIRECTOS
B67: Descripción | K67: Porcentaje | L67: Valor Total
B68: ADMINISTRACION | K68: 0.23 | N68: =$N$63*K68 -> 9586.3103
B69: IMPREVISTOS | K69: 0.02 | N69: =$N$63*K69 -> 833.5922
B70: UTILIDAD | K70: 0.05 | N70: =$N$63*K70 -> 2083.9805
B71: SUBTOTAL $ | N71: =ROUND(SUM(N68:N70),2) -> 12503.88
B73: Precio Unitario Total Aproximado al peso $ | N73: =ROUND(N63+N71,2) -> 54183.49
G77: Firma
G78: Nombre: JUAN CARLOS PEREZ MESA
G79: Secretario fomento economico y servicios publicos
G80: Matricula No. :
B82: OBSERVACIONES INTERVENTORÍA
B86: APROBACIÓN POR INTERVENTORÍA
B87: Nota 1: Cuando se trate de Análisis de precios unitarios correspondientes a ítems de la propuesta económica aprobada, el Interventor aprueba el desglose de los componentes manteniendo el mismo precio unitario de cada ítem, cumpliendo con las especificaciones de construcción vigentes para el proyecto.
B89: Nota 2: Cuando se trate de Análisis de precios unitarios de ítems no previstos, el Interventor aprueba el desglose y precio unitario de cada ítem no previsto, exigiendo la aplicación de los costos correspondientes a insumos y tarifas de la propuesta económica inicial cuando estén contemplados, cumpliendo con las especificaciones de construcción vigente para el proyecto.
G92: Firma
G93: Nombre:
G94: Representante Legal del Interventor o su Apoderado
G95: Matricula No. :
